 Dungeon Crawl Stone Soup version 0.26.1-11-gd32895ea62 (console) character file.

Game seed: 18160192943843113237

8231331 Saegor the Conqueror (level 27, 273/273 HPs)
             Began as a Minotaur Berserker on May 11, 2021.
             Was the Champion of Zin.
             Escaped with the Orb
             ... and 15 runes on May 17, 2021!
             The game lasted 18:26:06 (231773 turns).

Saegor the Conqueror (Minotaur Berserker)         Turns: 231773, Time: 18:26:06

Health: 273/273    AC: 48    Str: 42    XL:     27
Magic:  62/62      EV: 25    Int:  4    God:    Zin [******]
Gold:   18566      SH: 38    Dex: 15    Spells: 59/80 levels left

rFire    + + .     SeeInvis +   a - +9 sacred scourge (holy)
rCold    + + +     Faith    .   Q - +8 tower shield {rN+}
rNeg     + + .     Spirit   .   g - +12 gold dragon scales
rPois    +         Reflect  .   I - +2 hat
rElec    +         Harm     .   E - scarf {rC+ rF+}
rCorr    .         Rampage  .   j - +2 pair of gloves of Oblivion {rElec MP+9 Str+4 Dex+2}
Will     +++..                  X - +1 pair of boots {Fly}
Stlth    +.........             x - amulet of regeneration
HPRegen  0.95/turn              P - ring "Yteosam" {+Fly rPois rC+ rN+ Str+6}
MPRegen  0.38/turn              o - ring of Dywuit {+Inv Will+ SInv}

@: flying
A: retaliatory headbutt, horns 2
0: Orb of Zot
}: 15/15 runes: decaying, slimy, silver, golden, iron, obsidian, icy, bone,
abyssal, demonic, glowing, magical, fiery, dark, gossamer
a: Stop Flying, Renounce Religion, Evoke Invisibility, Recite, Vitalisation,
Imprison, Sanctuary, Donate Gold


You escaped.
You worshipped Zin.
Zin was exalted by your worship.
You visited 17 branches of the dungeon, and saw 88 of its levels.
You visited Pandemonium 4 times, and saw 17 of its levels.
You visited the Abyss 55 times.
You visited 1 bazaar.
You also visited: Trove, Bailey, Gauntlet and Ice Cave.

You collected 31724 gold pieces.
You spent 10498 gold pieces at shops.
You donated 2660 gold pieces to Zin.

Inventory:

Hand Weapons
 a - a +9 sacred scourge of holy wrath (weapon)
 b - a +9 antimagic eveningstar
Missiles
 l - 11 silver javelins
 n - 13 silver boomerangs (quivered)
 B - 3 boomerangs
Armour
 g - +12 gold dragon scales (worn)
 j - the +2 pair of gloves of Oblivion (worn) {rElec MP+9 Str+4 Dex+2}
   (You acquired it on level 4 of the Depths)

   It affects your strength (+4).
   It affects your dexterity (+2).
   It insulates you from electricity.
   It affects your magic capacity (+9).
 E - a scarf of resistance (worn)
 I - a +2 hat (worn)
 Q - a +8 tower shield of positive energy (worn)
 X - a +1 pair of boots of flying (worn)
Jewellery
 o - the ring of Dywuit (right hand) {+Inv Will+ SInv}
   (You took it off a black draconian on level 1 of the Realm of Zot)

   [ring of see invisible]

   It affects your willpower, your defense against some magical effects.
   It lets you see invisible.
   It lets you turn invisible.
 x - an amulet of regeneration (around neck)
 A - the ring of Ubliud {rPois rF+ rC+, unknown}
   (You found it in Pandemonium)

   [ring of protection from fire]

   It protects you from fire.
   It protects you from cold.
   It protects you from poison.
 L - the ring of Raff {rPois rCorr}
   (You bought it in a shop on level 5 of the Depths)

   [ring of resist corrosion]

   It protects you from poison.
   It provides partial protection from all sources of acid and corrosion.
 P - the ring "Yteosam" (left hand) {+Fly rPois rC+ rN+ Str+6}
   (You found it on level 1 of the Abyss)

   [ring of strength]

   It affects your strength (+6).
   It protects you from cold.
   It protects you from poison.
   It protects you from negative energy.
   It lets you fly.
Wands
 c - a wand of acid (81)
 r - a wand of disintegration (103)
 t - a wand of paralysis (147)
 u - a wand of iceblast (146)
 G - a wand of digging (38)
 R - a wand of enslavement (10)
Scrolls
 d - 96 scrolls of identify
 f - 3 scrolls of amnesia
 h - 3 scrolls of summoning
 i - a scroll of holy word
 p - 53 scrolls of teleportation
 s - a scroll of brand weapon
 v - 8 scrolls of magic mapping
 y - a scroll of enchant weapon
 F - 6 scrolls of silence
 O - 11 scrolls of blinking
Potions
 e - 51 potions of curing
 k - 2 potions of mutation
 m - 16 potions of might
 q - 11 potions of haste
 w - 17 potions of heal wounds
 z - 9 potions of cancellation
 N - 9 potions of resistance


   Skills:
 O Level 27 Fighting
 - Level 16.0 Maces & Flails
 O Level 27 Throwing
 O Level 27 Armour
 O Level 27 Dodging
 O Level 27 Stealth
 O Level 27 Shields
 O Level 27 Spellcasting
 - Level 18.0 Summonings
 + Level 26.2 Translocations
 - Level 21.0 Transmutations
 - Level 21.0 Earth Magic
 O Level 27 Invocations
 O Level 27 Evocations


You had 59 spell levels left.
You knew the following spells:

 Your Spells              Type           Power        Failure   Level
a - Apportation           Tloc           52%          0%          1
b - Blink                 Tloc           N/A          0%          2
c - Lesser Beckoning      Tloc           13%          0%          3
d - Teleport Other        Tloc           26%          0%          3
e - Passage of Golubria   Tloc           N/A          0%          4
f - Passwall              Tmut/Erth      18%          0%          2
g - Shadow Creatures      Summ           N/A          1%          6

Your spell library contained the following spells:

 Spells                   Type           Power        Failure   Level
 Beastly Appendage        Tmut           44%          0%          1
 Sandblast                Erth           44%          0%          1
 Summon Small Mammal      Summ           76%          0%          1
 Call Imp                 Summ           19%          0%          2
 Wereblood                Tmut           22%          0%          2
 Gell's Gravitas          Tloc           13%          0%          3
 Sting                    Tmut/Pois      52%          1%          1
 Call Canine Familiar     Summ           19%          1%          3
 Ignite Poison            Fire/Tmut/Pois 11%          1%          3
 Portal Projectile        Hex/Tloc       30%          1%          3
 Spider Form              Tmut/Pois      6%           1%          3
 Stone Arrow              Conj/Erth      26%          1%          3
 Summon Guardian Golem    Hex/Summ       12%          1%          3
 Ice Form                 Ice/Tmut       13%          1%          4
 Iskenderun's Mystic Bla  Conj/Tloc      15%          1%          4
 Leda's Liquefaction      Hex/Erth       6%           1%          4
 Petrify                  Tmut/Erth      22%          1%          4
 Blade Hands              Tmut           11%          1%          5
 Lee's Rapid Deconstruct  Erth           11%          1%          5
 Summon Demon             Summ           9%           1%          5
 Summon Forest            Summ/Tloc      11%          1%          5
 Dispersal                Tloc           13%          1%          6
 Hydra Form               Tmut           11%          1%          6
 Statue Form              Tmut/Erth      14%          1%          6
 Dragon Form              Tmut           11%          1%          7
 Malign Gateway           Summ/Tloc      11%          1%          7
 Disjunction              Tloc           13%          1%          8
 Summon Ice Beast         Ice/Summ       12%          3%          4
 Summon Lightning Spire   Summ/Air       12%          3%          4
 Alistair's Intoxication  Tmut/Pois      8%           4%          5
 Borgnjor's Vile Clutch   Necr/Erth      6%           4%          5
 Irradiate                Conj/Tmut      6%           4%          5
 Yara's Violent Unravell  Hex/Tmut       6%           4%          5
 Monstrous Menagerie      Summ           9%           6%          7
 Summon Greater Demon     Summ           9%           6%          7
 Summon Hydra             Summ           9%           6%          7
 Summon Mana Viper        Hex/Summ       12%          9%          5
 Animate Skeleton         Necr           10%          12%         1
 Corona                   Hex            5%           12%         1
 Foxfire                  Conj/Fire      20%          12%         1
 Freeze                   Ice            20%          12%         1
 Magic Dart               Conj           20%          12%         1
 Pain                     Necr           20%          12%         1
 Shock                    Conj/Air       20%          12%         1
 Corpse Rot               Necr/Air       N/A          19%         2
 Ensorcelled Hibernation  Hex/Ice        10%          19%         2
 Poisonous Vapours        Pois/Air       10%          19%         2
 Searing Ray              Conj           10%          19%         2
 Slow                     Hex            5%           19%         2
 Sublimation of Blood     Necr           2%           19%         2
 Swiftness                Air            5%           19%         2
 Bolt of Magma            Conj/Fire/Erth 5%           19%         5
 Eringya's Noxious Bog    Tmut/Pois      6%           24%         6
 Iron Shot                Conj/Erth      6%           24%         6
 Confusing Touch          Hex            5%           34%         3
 Conjure Flame            Conj/Fire      5%           34%         3
 Dazzling Flash           Conj/Hex       10%          34%         3
 Frozen Ramparts          Ice            10%          34%         3
 Inner Flame              Hex/Fire       5%           34%         3
 Mephitic Cloud           Conj/Pois/Air  5%           34%         3
 Ozocubu's Armour         Ice            5%           34%         3
 Static Discharge         Conj/Air       5%           34%         3
 Tukima's Dance           Hex            5%           34%         3
 Vampiric Draining        Necr           2%           34%         3
 Summon Horrible Things   Summ           9%           43%         8
 Animate Dead             Necr           2%           75%         4
 Cause Fear               Hex            2%           75%         4
 Dispel Undead            Necr           5%           75%         4
 Fulminant Prism          Conj/Hex       2%           75%         4
 Hailstorm                Conj/Ice       5%           75%         4
 Olgreb's Toxic Radiance  Pois           5%           75%         4
 Sticky Flame             Conj/Fire      5%           75%         4
 Shatter                  Erth           11%          91%         9
 Haunt                    Necr/Summ      6%           94%         7
 Spellforged Servitor     Conj/Summ      6%           94%         7
 Agony                    Necr           5%           97%         5
 Excruciating Wounds      Necr           2%           97%         5
 Fireball                 Conj/Fire      2%           97%         5
 Iskenderun's Battlesphe  Conj           5%           97%         5
 Lightning Bolt           Conj/Air       2%           97%         5
 Metabolic Englaciation   Hex/Ice        2%           97%         5
 Silence                  Hex/Air        2%           97%         5
 Conjure Ball Lightning   Conj/Air       2%           100%        6
 Death Channel            Necr           2%           100%        6
 Freezing Cloud           Conj/Ice/Air   2%           100%        6
 Invisibility             Hex            5%           100%        6
 Ozocubu's Refrigeration  Ice            2%           100%        6
 Simulacrum               Ice/Necr       2%           100%        6
 Starburst                Conj/Fire      2%           100%        6
 Orb of Destruction       Conj           2%           100%        7
 Borgnjor's Revivificati  Necr           2%           100%        8
 Chain Lightning          Conj/Air       2%           100%        8
 Discord                  Hex            2%           100%        8
 Ignition                 Fire           2%           100%        8
 Infestation              Necr           2%           100%        8
 Lehudib's Crystal Spear  Conj/Erth      6%           100%        8
 Necromutation            Tmut/Necr      6%           100%        8
 Absolute Zero            Ice            2%           100%        9
 Death's Door             Necr           2%           100%        9
 Dragon's Call            Summ           9%           100%        9
 Fire Storm               Conj/Fire      2%           100%        9
 Tornado                  Air            2%           100%        9


Dungeon Overview and Level Annotations

Branches:
Dungeon (15/15)            Temple (0/1) D:5            Lair (6/6) D:11
  Swamp (4/4) Lair:4       Spider (4/4) Lair:2        Slime (5/5) Lair:5
    Orc (2/2) D:11            Elf (3/3) Orc:2        Vaults (5/5) D:13
  Crypt (3/3) Vaults:3       Tomb (3/3) Crypt:3      Depths (5/5) D:15
   Hell (visited)             Dis (7/7) Hell            Geh (7/7) Hell
    Coc (7/7) Hell            Tar (7/7) Hell            Zot (5/5) Depths:5
 Bailey (visited)           IceCv (visited)         Gauntlet (visited)

Altars:
Fedhas
Gozag
Hepliaklqana
Kikubaaqudgha
Makhleb
Sif Muna
Wu Jian
Xom
Yredelemnul
Zin

Shops:
D:4 =   D:8 *?!}   D:9 (   D:13 !   Orc:2 **=(   Vaults:1 }   Vaults:5 :
Depths:1 [   Depths:5 =}=

Portals:
Hell: Depths:1 Depths:2 Depths:3 Depths:4 Depths:5
Abyss: Depths:4
Pandemonium: Depths:3
Ziggurat: Depths:3

Annotations:
Tar:7 exclusion: 2 doors


Innate Abilities, Weirdness & Mutations

You reflexively headbutt those who attack you in melee.
You have a pair of horns on your head.


Message History

You headbutt the Orb Guardian, but do no damage.
The Orb Guardian is heavily wounded.
The Orb Guardian closely misses you. You furiously retaliate!
You headbutt the Orb Guardian! You hit the Orb Guardian.
The Orb Guardian is severely wounded.
You hit the Orb Guardian. Your headbutt misses the Orb Guardian.
The Orb Guardian is severely wounded.
You block the Orb Guardian's attack.
You closely miss the Orb Guardian. You headbutt the Orb Guardian!
The Orb Guardian is almost dead.
You block the Orb Guardian's attack.
You thrash the Orb Guardian!!
You kill the Orb Guardian!
No target in view!
There is a stone staircase leading up here.
You fly upwards.
There is a stone staircase leading down here.
There is an open door here.
There is a staircase leading out of the dungeon here.
You have escaped!

#.###>.................# #.#
#.##..###..........# #.# #.##).#
#..........#
####.###.##..###.#.##############
.................................
...................##..########.#
##......###.#..#######.# ##..#
#......# #...#.### #.# ###.#.#
##......# #.#.##..####'####..##.#
.#......###.#.####..'...'..####.#
.#............# ####.H.#### #.#
.#.#.######.#.####..'...'..####.#
.......# #.#.##..####'####..##.#
.......####.#.#.### #.# ###.#.#
..............##### ##.#######..#
..................###........[..#
..............)##..##.#######.###
.....####...#......##.# ##.###
..)..## #####.##....#.# #.....
......# #.##....#.# ##.###
......# #.##......# #.#


There were no monsters in sight!

Vanquished Creatures
  Cerebov (Pan)
  Antaeus (Coc:7)
  Asmodeus (Geh:7)
  the Royal Jelly (Slime:5)
  Ereshkigal (Tar:7)
  Gloorx Vloq (Pan)
  the Serpent of Hell (Dis:7)
  Lom Lobon (Pan)
  Mnoleg (Pan)
  Dispater (Dis:7)
  8 orbs of fire
  Mara (Tomb:1)
  19 ancient liches
  2 juggernauts
  Mennas (Vaults:2)
  30 royal mummies
  Boris (8 times) (Depths:3 Depths:4 Vaults:1 Vaults:4 Crypt:1 Zot:4 Depths:1 D:7)
  The ghost of sixsigma the Omniscient, a veteran GnCj of Ashenzari (Vaults:4)
  9 Killer Klowns
  11 shard shrikes (Coc:7)
  Bai Suzhen (Vaults:3)
  Saint Roka (Vaults:2)
  Margery (Vaults:3)
  Xtahua (Vaults:4)
  Nikola (Spider:1)
  A caustic shrike (Depths:2)
  Jory (Crypt:2)
  Geryon (Hell)
  20 golden dragons
  21 profane servitors
  Arachne (Spider:1)
  113 bone dragons
  13 pandemonium lords
  22 Tzitzimimeh
  3 electric golems
  A shard shrike zombie (Crypt:1)
  7 iron giants
  A doom hound (Tar:7)
  26 Brimstone Fiends
  12 hellephants
  17 Ice Fiends
  68 liches
  23 Hell Sentinels
  34 Orb Guardians
  4 deep elf master archers (Elf:3)
  37 tentacled monstrosities
  8 titans
  12 quicksilver dragons
  An eldritch tentacle (Pan)
  21 ancient champions
  24 acid blobs
  4 deep elf blademasters (Elf:3)
  59 Executioners
  13 sphinxes
  9 death cobs
  2 krakens
  358 tentacled starspawn
  A shadow dragon (shapeshifter) (Abyss:3)
  27 shadow dragons
  3 tengu reavers
  A thorn hunter (Abyss:5)
  12 daevas
  Roxanne (Spider:1)
  15 azure jellies
  Donald (Orc:2)
  16 storm dragons
  7 draconian monks
  19 revenants
  15 deep elf sorcerers
  13 fire giants
  15 vault wardens
  13 frost giants
  15 corrupters
  15 draconian knights
  55 cacodemons
  5 curse skulls
  8 angels
  74 balrugs
  12 deep elf elementalists
  Louise (Swamp:4)
  10 iron dragons
  11 warmongers (Pan)
  5 emperor scorpions
  17 draconian shifters
  8 draconian scorchers
  9 ghouls
  Aizul (Lair:4)
  6 ghost moths
  2 orc warlords
  10 draconian stormcallers
  72 reapers
  19 ironheart preservers
  18 draconian annihilators
  A spriggan defender (Depths:4)
  10 blood saints (Pan)
  2 elemental wellsprings (Coc:7)
  153 very ugly things
  15 green draconians
  3 ophanim (Abyss:1)
  6 bennus (Tomb:3)
  36 stone giants
  13 black draconians
  6 vampire knights
  39 lorocyprocas
  10 deep elf annihilators
  3 bunyips
  16 black suns (Pan)
  20 red draconians
  32 yellow draconians
  24 white draconians
  9 spark wasps
  13 deep elf demonologists
  2 entropy weavers
  15 purple draconians
  The ghost of Oluanan the Fighter, a journeyman DsFi of Hepliaklqana (Lair:3)
  11 ettins
  A minotaur (Gauntlet)
  3 eleionomae
  An ettin (shapeshifter) (D:14)
  8 deep elf death magi
  36 blizzard demons
  3 crystal guardians
  42 green deaths
  37 eidola
  25 mummy priests
  7 quicksilver dragon zombies
  3 deep elf high priests
  10 fire dragons
  3 jiangshi
  10 death oozes
  A shambling mangrove (Abyss:3)
  8 yaktaur captains
  17 monstrous demonspawn (Pan)
  11 boulder beetles
  15 naga warriors
  7 quicksilver dragon skeletons
  56 great orbs of eyes
  2 kraken zombies (Coc:7)
  A spriggan air mage (Depths:5)
  3 hell beasts
  Erolcha (D:10)
  36 vault guards
  Harold (D:11)
  6 ghost crabs
  30 ice dragons
  17 hydras
  57 rakshasas
  10 centaur warriors
  12 ogre magi
  A two-headed ogre (shapeshifter) (Depths:4)
  8 death knights
  An alligator snapping turtle (Abyss:5)
  48 two-headed ogres
  2 catoblepae
  16 deep troll shamans
  9 tengu warriors
  40 dancing weapons
  87 death scarabs
  91 hell hogs
  10 death yaks
  6 alligators
  348 thrashing horrors
  7 titan zombies
  10 deep troll earth magi
  10 spriggan berserkers
  13 storm dragon zombies
  305 wretched stars
  The ghost of ZZKoverts the Thaumaturge, a journeyman DECj of Vehumet (Lair:2)
  Sonja (D:12)
  157 sun demons
  21 deep elf knights
  100 hell knights
  92 soul eaters
  14 vampire magi
  6 titan skeletons
  4 iron golems
  17 iron trolls
  39 shadow wraiths
  104 skeletal warriors
  109 sixfirhies
  2 fire crabs
  3 goliath frogs
  52 deep trolls
  88 spatial maelstroms
  2 death drakes (shapeshifter)
  11 death drakes
  A salamander mystic (Depths:4)
  18 gelid demonspawn (Pan)
  2 spriggan druids
  38 unseen horrors
  7 golden dragon zombies
  48 glowing orange brains
  13 infernal demonspawn
  14 anaconda zombies
  12 storm dragon skeletons
  5 bog bodies
  33 shadow demons
  7 swamp dragons
  A glowing orange brain (shapeshifter) (Abyss:2)
  15 torturous demonspawn
  2 unseen horrors (shapeshifter)
  22 deep elf archers
  12 shadow dragon zombies
  An obsidian statue (Abyss:4)
  14 wizards
  17 flayed ghosts
  2 ghost moth zombies
  12 anaconda skeletons
  A bunyip skeleton (Crypt:1)
  14 ironbrand convokers
  3 harpies (Vaults:2)
  34 necromancers
  4 lindwurms (Depths:3)
  10 frost giant zombies
  21 phantasmal warriors
  7 golden dragon skeletons
  35 orb spiders
  4 iron dragon zombies
  3 mana vipers
  A mana viper (shapeshifter) (Vaults:5)
  12 shining eyes
  7 human zombies
  16 orc knights
  2 orb spiders (shapeshifter)
  9 shadow dragon skeletons
  81 deep elf magi
  2 harpies (shapeshifter)
  4 manticores
  2 shining eyes (shapeshifter) (Abyss:1)
  11 stone giant zombies
  27 wolf spiders
  14 fire giant zombies
  A manticore (shapeshifter) (Abyss:2)
  2 salamanders (shapeshifter)
  19 cyclopes
  13 wolf spider zombies
  10 orc sorcerers
  68 ugly things
  31 moths of wrath
  An oklob plant (Gauntlet)
  11 will-o-the-wisps
  86 worldbinders
  23 elephants
  10 salamanders
  6 frost giant skeletons
  A shock serpent zombie (Dis:7)
  10 dire elephant zombies
  23 guardian serpents
  2 black mambas
  6 iron dragon skeletons
  A toenail golem (Depths:1)
  An ice statue (IceCv)
  68 apocalypse crabs
  A black mamba (shapeshifter) (Depths:1)
  A water nymph (shapeshifter) (Vaults:5)
  6 titan simulacra
  5 stone giant skeletons
  2 guardian serpents (shapeshifter)
  6 naga magi
  43 rust devils
  11 fire giant skeletons
  16 vault sentinels
  330 smoke demons
  An eye of devastation (shapeshifter) (Abyss:2)
  120 orange demons
  15 molten gargoyles
  3 storm dragon simulacra (Coc:7)
  An emperor scorpion zombie (Tar:3)
  5 torpor snails
  13 eyes of devastation
  6 shock serpent skeletons
  25 cane toads
  5 spectral swamp worms (Depths:2)
  48 yaktaurs
  14 kobold demonologists
  4 rime drakes
  2 rime drakes (shapeshifter)
  67 tormentors
  75 hellions
  3 anaconda simulacra
  65 freezing wraiths
  48 ice devils
  4 dire elephant skeletons
  6 komodo dragons
  A catoblepas zombie (Crypt:3)
  A redback zombie (D:14)
  86 demonic crawlers
  A black draconian skeleton (Crypt:1)
  53 efreet
  A yaktaur (shapeshifter) (Abyss:1)
  4 silent spectres
  A golden dragon simulacrum (Abyss:2)
  A komodo dragon (shapeshifter) (Abyss:5)
  71 hellwings
  A queen bee (shapeshifter) (Abyss:2)
  223 ancient zymes
  15 hydra zombies
  5 harpy zombies
  106 red devils
  50 guardian mummies
  13 trolls
  4 meliai (shapeshifter)
  7 tyrant leeches
  6 tengu conjurers
  47 jumping spiders
  A merfolk (Abyss:5)
  A troll (shapeshifter) (Abyss:3)
  A bloated husk (Swamp:3)
  3 polar bears (shapeshifter)
  2 jumping spiders (shapeshifter)
  32 polar bears
  8 hydra skeletons
  2 harpy skeletons
  3 merfolk (shapeshifter)
  6 nameless horrors
  40 hornets
  511 raiju
  70 blink frogs
  6 alligator zombies
  12 ice dragon zombies
  2 raiju (shapeshifter)
  136 slime creatures
  A blink frog (shapeshifter) (Abyss:2)
  2 wind drakes (shapeshifter)
  A boulder beetle zombie (Crypt:2)
  2 frost giant simulacra
  4 dream sheep (shapeshifter)
  A meliai zombie (D:12)
  A guardian serpent skeleton (Crypt:1)
  A stone giant simulacrum (Abyss:2)
  11 fire dragon zombies
  10 air elementals
  38 shadows
  798 large abominations
  82 redbacks
  254 flying skulls
  2 centaur simulacra
  7 ettin skeletons
  7 ettin zombies
  3 wyverns
  22 spriggans
  2 tarantellas (shapeshifter) (Abyss:2)
  9 ushabtiu
  13 vampires
  A redback (shapeshifter) (Abyss:1)
  A spriggan (shapeshifter) (Abyss:5)
  9 ice dragon skeletons
  A yak (shapeshifter) (Abyss:4)
  229 ynoxinuls
  18 water elementals
  21 tarantellas
  620 small abominations
  2 black mamba zombies (Abyss:1)
  8 fire dragon skeletons
  54 yaks
  79 wraiths
  A basilisk (shapeshifter) (Abyss:2)
  40 fire bats
  33 fire elementals
  6 alligator skeletons
  5 basilisks
  2 black mamba skeletons
  6 swamp worm simulacra (Swamp:4)
  180 neqoxecs
  173 chaos spawn
  2 steam dragons
  79 golden eyes
  A hog (shapeshifter) (Elf:1)
  2 vampire mosquitoes (D:14)
  A harpy simulacrum (Abyss:5)
  A warg (shapeshifter) (Abyss:3)
  A minotaur simulacrum (Abyss:1)
  20 nagas
  163 spatial vortices
  13 swamp worms
  A naga (shapeshifter) (Abyss:1)
  10 wargs
  A water moccasin (shapeshifter) (Vaults:3)
  2 merfolk zombies
  6 acid dragons
  A torturous demonspawn zombie (Dis:7)
  20 hydra simulacra
  Duvessa (D:5)
  133 hell hounds
  A soldier ant (D:11)
  6 water moccasins
  2 sky beasts (shapeshifter)
  63 orc warriors
  4 cane toad skeletons
  4 merfolk skeletons
  A swamp drake (shapeshifter) (Vaults:5)
  2 swamp drakes
  5 manticore zombies
  5 cane toad zombies
  15 ice beasts
  16 sky beasts
  12 black bears
  An alligator simulacrum (Abyss:4)
  2 eyes of draining (shapeshifter)
  An ice beast (shapeshifter) (Abyss:2)
  30 eyes of draining
  An ice dragon simulacrum (Coc:7)
  6 phantoms
  A boulder beetle simulacrum (Vaults:1)
  An ettin simulacrum (Abyss:5)
  A fire dragon simulacrum (Abyss:4)
  1099 starcursed masses
  51 ogres
  2 black bears (shapeshifter)
  8 boggarts
  27 centaurs
  8 snapping turtle zombies
  2 swamp dragon zombies
  2 black mamba simulacra
  30 necrophages
  50 wolves
  An elephant zombie (Crypt:1)
  9 snapping turtle skeletons
  2 elf simulacra
  13 big kobolds
  An elf zombie (Dis:6)
  A komodo dragon zombie (Crypt:2)
  A manticore skeleton (Abyss:1)
  A big kobold (shapeshifter) (Abyss:2)
  18 bullfrogs
  A bullfrog (shapeshifter) (Abyss:5)
  6 human skeletons
  9 wyvern skeletons
  14 earth elementals
  Dowan (D:5)
  4 cane toad simulacra
  An elf skeleton (Abyss:2)
  9 scorpions
  2 snapping turtle simulacra
  A raiju zombie (Crypt:1)
  4 troll zombies (Swamp:3)
  A warg zombie (Crypt:2)
  15 killer bees
  2 oklob saplings (D:9)
  122 wights
  A troll skeleton (Tar:1)
  10 electric eels
  4 howler monkeys
  2 bullfrog zombies
  5 centaur zombies
  13 crimson imps
  99 quasits
  Crazy Yiuf (D:4)
  6 bullfrog skeletons
  16 jellies
  A gnoll shaman (D:5)
  14 orc priests
  A black bear zombie (Crypt:2)
  9 hounds
  95 iron imps
  33 orc wizards
  8 centaur skeletons
  2 iguanas
  An iguana (shapeshifter) (Abyss:5)
  Terence (D:2)
  Ijyb (D:5)
  8 worker ants
  4 naga zombies
  4 ogre zombies
  A demigod skeleton (Crypt:1)
  2 tengu skeletons
  An ogre skeleton (Geh:6)
  A hound zombie (D:10)
  2 human simulacra
  A hound skeleton (D:5)
  72 mummies
  A worker ant zombie (D:10)
  A howler monkey skeleton (D:10)
  18 gnolls
  An ogre simulacrum (Abyss:1)
  17 adders
  A tengu simulacrum (Abyss:2)
  17 shadow imps
  85 white imps
  78 ufetubi
  2 oozes (D:5)
  An ooze (shapeshifter) (Abyss:2)
  2 swamp drake simulacra (Swamp:4)
  2 adder zombies
  3 adder skeletons
  7 worms
  3 dart slugs
  6 leopard geckos
  134 orcs
  5 giant cockroaches
  12 goblins
  7 hobgoblins
  12 jackals
  A quokka (D:7)
  8 ball pythons
  13 bats
  5 frilled lizards
  A hobgoblin zombie (Crypt:2)
  43 kobolds
  2 kobold zombies
  An orc skeleton (Abyss:1)
  3 rats
  A rat zombie (Crypt:1)
  A river rat skeleton (Crypt:2)
  7 bushes
  A crawling corpse (Elf:3)
  17 lurking horrors
  95 pillars of salt
  273 starspawn tentacles
  7 tentacles
  3 withered plants (Crypt:3)
14058 creatures vanquished.

Vanquished Creatures (collateral kills)
  A pandemonium lord (Pan)
  A tentacled monstrosity (Abyss:5)
  A lich (Abyss:1)
  An Ice Fiend (Pan)
  4 tentacled starspawn
  2 blood saints (Pan)
  A balrug (Abyss:5)
  A cacodemon (Pan)
  A bennu (Tomb:3)
  2 black suns (Pan)
  A corrupter (Pan)
  A green death (Pan)
  A vault guard (Vaults:5)
  2 dancing weapons (Pan)
  A hell hog (Abyss:5)
  3 death scarabs (Tomb:3)
  8 thrashing horrors
  3 wretched stars
  2 sun demons (Pan)
  A sixfirhy (Abyss:2)
  A soul eater (Pan)
  A glowing orange brain (Pan)
  A shadow wraith (Pan)
  A spatial maelstrom (Abyss:1)
  An infernal demonspawn (Pan)
  A shadow demon (Pan)
  A will-o-the-wisp (Abyss:1)
  A worldbinder (Abyss:2)
  An apocalypse crab (Abyss:3)
  4 smoke demons
  4 orange demons
  An eye of devastation (Abyss:3)
  An ice devil (Pan)
  A demonic crawler (Pan)
  A hellwing (Pan)
  An efreet (Abyss:4)
  2 red devils (Pan)
  3 tormentors (Pan)
  3 ancient zymes
  A guardian mummy (Tomb:3)
  8 raiju (Abyss:5)
  7 large abominations
  2 flying skulls
  3 ynoxinuls
  A shadow (Abyss:2)
  4 golden eyes (Abyss:2)
  A chaos spawn (Pan)
  A spatial vortex (Abyss:5)
  A water moccasin (Abyss:5)
  A black mamba simulacrum (Abyss:5)
  2 small abominations
  3 starcursed masses
  5 mummies (Tomb:3)
  A white imp (Abyss:3)
  2 pillars of salt
  6 starspawn tentacles
117 creatures vanquished.

Vanquished Creatures (others)
  An eldritch tentacle (Pan)
  A tentacled starspawn (Abyss:2)
  2 shadow dragons (Vaults:5)
  A fire giant (Vaults:5)
  An elemental wellspring (Coc:4)
  A blood saint (Pan)
  A stone giant (Slime:2)
  A bennu (Tomb:3)
  A two-headed ogre (Slime:3)
  A thrashing horror (Abyss:3)
  4 hell hogs
  A vampire mage (Abyss:1)
  An iron troll (Slime:1)
  A hell knight (Hell)
  4 sixfirhies
  A wizard (Vaults:3)
  A stone giant zombie (Geh:7)
  4 cyclopes
  A stone giant skeleton (Geh:7)
  A smoke demon (Abyss:2)
  An orange demon (Abyss:2)
  A rime drake (shapeshifter) (Vaults:3)
  A hellwing (Pan)
  A red devil (Abyss:2)
  A jumping spider (Spider:2)
  A polar bear (Slime:3)
  3 bloated husks (Swamp:2)
  A hornet (Swamp:4)
  6 raiju
  2 ynoxinuls
  2 redbacks (Spider:4)
  2 shadows
  A spriggan (Swamp:4)
  A fire elemental (Geh:1)
  4 large abominations
  A yak (Lair:3)
  A black mamba skeleton (Abyss:2)
  12 golden eyes
  2 fire bats (Pan)
  3 chaos spawn
  A neqoxec (Abyss:5)
  A hell hound (Hell)
  A swamp drake (Swamp:2)
  A fire dragon simulacrum (Abyss:5)
  2 ogres
  2 black bears
  15 small abominations
  4 wights
  2 starcursed masses
  2 iron imps (Dis:7)
  An orc (Vaults:5)
  An orc skeleton (Abyss:3)
  5 ball lightnings
  3 bushes (Abyss:1)
  39 demonic plants
  A fire vortex (Pan)
  51 foxfires
  9 fungi
  31 lurking horrors
  428 pillars of salt
  36 plants
  713 starspawn tentacles
  32 tentacles
  13 withered plants (Crypt:3)
1471 creatures vanquished.

Grand Total: 15646 creatures vanquished

Notes
Turn   | Place    | Note
-------+----------+-------------------------------------------
     0 | D:1      | Saegor the Minotaur Berserker began the quest for the Orb.
     0 | D:1      | Reached XP level 1. HP: 19/19 MP: 0/0
    79 | D:1      | Reached XP level 2. HP: 26/27 MP: 1/1
   841 | D:2      | Reached XP level 3. HP: 33/33 MP: 2/2
   936 | D:2      | Noticed Terence
   942 | D:2      | Killed Terence
   992 | D:2      | Reached ** piety under Trog
   993 | D:2      | Reached XP level 4. HP: 34/41 MP: 3/3
  1816 | D:3      | Reached XP level 5. HP: 44/47 MP: 4/4
  2303 | D:3      | Reached skill level 5 in Maces & Flails
  2305 | D:3      | Reached skill level 5 in Fighting
  2986 | D:4      | Reached *** piety under Trog
  2987 | D:4      | Reached XP level 6. HP: 56/56 MP: 5/5
  3280 | D:4      | Found Ziycw's Jewellery Shoppe.
  3649 | D:4      | Found a hazy altar of Hepliaklqana.
  3704 | D:4      | Found a runed translucent door.
  3705 | D:4      | Noticed Crazy Yiuf
  3746 | D:4      | Killed Crazy Yiuf
  3747 | D:4      | Reached skill level 5 in Armour
  3747 | D:4      | Reached XP level 7. HP: 62/62 MP: 6/6
  3882 | D:5      | Entered Level 5 of the Dungeon
  4183 | D:5      | Noticed Duvessa
  4183 | D:5      | Noticed Dowan
  4202 | D:5      | Killed Duvessa
  4209 | D:5      | Killed Dowan
  4210 | D:5      | Reached skill level 5 in Dodging
  4371 | D:5      | Found a staircase to the Ecumenical Temple.
  4382 | D:5      | Noticed Ijyb
  4392 | D:5      | Killed Ijyb
  4393 | D:5      | Reached XP level 8. HP: 64/71 MP: 7/7
  4593 | D:5      | Found an opulent altar of Gozag.
  5712 | D:7      | Reached **** piety under Trog
  6048 | D:7      | Reached XP level 9. HP: 80/81 MP: 8/8
  6162 | D:7      | Found a basalt altar of Yredelemnul.
  6541 | D:8      | Found Juepleehio's Gadget Boutique.
  6594 | D:8      | Found Hefyg's Assorted Antiques.
  6648 | D:8      | Found Neisiv's Magic Scroll Emporium.
  6659 | D:8      | Noticed an eight-headed hydra
  6676 | D:8      | Killed an eight-headed hydra
  6795 | D:8      | Found Sathud's Distillery.
  6803 | D:8      | Bought a potion of heal wounds for 70 gold pieces
  7055 | D:8      | Found an ornate altar of the Wu Jian Council.
  7113 | D:9      | Noticed a troll
  7126 | D:8      | Killed a troll
  7530 | D:9      | Found a blossoming altar of Fedhas.
  7540 | D:9      | Found Yfowoc's Weapon Boutique.
  7826 | D:9      | Reached XP level 10. HP: 90/91 MP: 9/9
  7860 | D:9      | Found a burning altar of Makhleb.
  7981 | D:9      | Found a glowing silver altar of Zin.
  7981 | D:9      | Noticed an angel
  7982 | D:9      | Noticed a cacodemon
  8016 | D:9      | Reached ***** piety under Trog
  8116 | D:9      | Noticed a cyclops
  8166 | D:9      | Paralysed by a hornet for 3 turns
  8528 | D:9      | Noticed a manticore
  8546 | D:9      | Killed a manticore
  8655 | D:9      | Killed a cyclops
  8722 | D:10     | Entered Level 10 of the Dungeon
  8731 | D:9      | Reached skill level 10 in Fighting
  8731 | D:9      | Reached skill level 10 in Maces & Flails
  8745 | D:10     | Noticed a two-headed ogre
  8752 | D:10     | Killed a two-headed ogre
  8753 | D:10     | Noticed a two-headed ogre
  8773 | D:10     | Killed an unseen horror
  8774 | D:10     | Reached skill level 10 in Armour
  8784 | D:10     | Killed a two-headed ogre
  8834 | D:10     | Noticed Erolcha
  9083 | D:10     | Reached XP level 11. HP: 96/98 MP: 10/10
  9192 | D:10     | Killed Erolcha
  9458 | D:10     | Reached skill level 1 in Shields
  9518 | D:10     | Reached skill level 10 in Dodging
  9991 | D:11     | Received a gift from Trog
 10022 | D:11     | You fall into a shaft and drop 1 floor!
 10033 | D:11     | Found a staircase to the Orcish Mines.
 10041 | D:11     | Found a flagged portal.
 10051 | Bailey   | Entered a bailey
 10075 | Bailey   | Noticed an orc warlord
 10322 | Bailey   | Found a runed translucent gate.
 10322 | Bailey   | Found a runed translucent gate.
 10322 | Bailey   | Found a runed translucent gate.
 10493 | Bailey   | Killed an orc warlord
 10494 | Bailey   | Reached skill level 1 in Throwing
 10697 | D:8      | Bought a scroll of enchant weapon for 90 gold pieces
 10710 | D:8      | Bought a scroll of enchant weapon for 217 gold pieces
 10803 | D:11     | Reached XP level 12. HP: 115/115 MP: 3/11
 10840 | D:11     | Noticed a boulder beetle
 10858 | D:11     | Noticed a boulder beetle
 10861 | D:11     | Killed a boulder beetle
 10877 | D:11     | Killed a boulder beetle
 10878 | D:11     | Reached skill level 5 in Shields
 11009 | D:11     | Found a staircase to the Lair.
 11103 | D:11     | Noticed Harold
 11142 | D:11     | Killed Harold
 11167 | D:11     | Noticed a two-headed ogre
 11173 | D:11     | Killed a two-headed ogre
 11174 | D:11     | Reached XP level 13. HP: 98/122 MP: 4/12
 11851 | D:11     | Found the +4 Cigotuvi's embrace {rMiasma *Drain rN+}
 11981 | D:11     | Got a transparent hand axe
 12044 | Lair:1   | Entered Level 1 of the Lair of Beasts
 13092 | D:12     | You fall into a shaft and drop 3 floors!
 13092 | D:15     | Entered Level 15 of the Dungeon
 13210 | D:15     | Received a gift from Trog
 13467 | D:15     | Reached skill level 5 in Throwing
 13875 | D:15     | Found a staircase to the Depths.
 14163 | D:15     | Reached XP level 14. HP: 133/133 MP: 4/13
 14959 | D:13     | Received a gift from Trog
 15106 | D:13     | Reached skill level 15 in Fighting
 15117 | D:13     | Reached skill level 15 in Maces & Flails
 15202 | D:13     | Found Zinutecse's Distillery.
 15220 | D:13     | Reached ****** piety under Trog
 15229 | D:13     | Bought a potion of curing for 54 gold pieces
 15785 | D:13     | Found a portal to a secret trove of treasure.
 16183 | D:13     | Found a gate to the Vaults.
 16491 | D:12     | Noticed Sonja
 16511 | D:12     | Killed Sonja
 16676 | Orc:1    | Entered Level 1 of the Orcish Mines
 16681 | Orc:1    | Noticed an orc warlord
 16854 | D:11     | Killed an orc warlord
 16915 | D:11     | Received a gift from Trog
 17116 | Orc:1    | Noticed a stone giant
 17145 | Orc:1    | Killed a stone giant
 17547 | Orc:2    | Entered Level 2 of the Orcish Mines
 17687 | Orc:2    | Reached XP level 15. HP: 96/143 MP: 4/14
 17835 | Orc:2    | Noticed Donald
 17856 | Orc:2    | Killed Donald
 17996 | Orc:2    | Found a staircase to the Elven Halls.
 18168 | Orc:2    | Received a gift from Trog
 18265 | Orc:2    | Reached skill level 15 in Armour
 18462 | Orc:2    | Found Huikhisk's Jewellery Emporium.
 18462 | Orc:2    | Found Gytz's Assorted Antiques.
 18464 | Orc:2    | Found Teuquuha's General Store.
 18466 | Orc:2    | Found Ociusih's Antique Weapon Shoppe.
 18799 | Lair:2   | Found a frozen archway.
 18809 | IceCv    | Entered an ice cave
 19371 | IceCv    | Noticed a frost giant
 19385 | IceCv    | Killed a frost giant
 19395 | IceCv    | Received a gift from Trog
 19769 | Lair:2   | Found a runed translucent gate.
 19769 | Lair:2   | Found a runed translucent gate.
 19769 | Lair:2   | Found a runed translucent gate.
 19789 | Lair:2   | Found a hole to the Spider Nest.
 20193 | Lair:2   | Noticed ZZKoverts's ghost (journeyman DECj)
 20255 | Lair:2   | Killed ZZKoverts's ghost
 20447 | Orc:2    | Bought a scroll of enchant weapon for 247 gold pieces
 20655 | Lair:3   | Reached skill level 10 in Shields
 20684 | Lair:3   | Found a gate leading to a gauntlet.
 20690 | Gauntlet | Entered a Gauntlet
 20690 | Gauntlet | Found a transporter.
 20695 | Gauntlet | Found a transporter.
 20695 | Gauntlet | Found a transporter.
 20699 | Gauntlet | Found a runed translucent door.
 20699 | Gauntlet | Found a runed translucent door.
 20703 | Gauntlet | Found a transporter.
 20706 | Gauntlet | Found a transporter.
 20713 | Gauntlet | Found a transporter.
 20728 | Gauntlet | Found a runed translucent door.
 20729 | Gauntlet | Found a transporter.
 20730 | Gauntlet | Found a runed translucent door.
 20739 | Gauntlet | Found a transporter.
 20748 | Gauntlet | Found a runed translucent gate.
 20749 | Gauntlet | Found a transporter.
 20749 | Gauntlet | Found a runed translucent gate.
 20750 | Gauntlet | Found a runed translucent gate.
 20763 | Gauntlet | Found a transporter.
 20772 | Gauntlet | Found a transporter.
 20775 | Gauntlet | Found a transporter.
 20785 | Gauntlet | Found a runed translucent door.
 20882 | Gauntlet | Found a transporter.
 21009 | Gauntlet | Got a pair of shimmering boots
 21020 | Gauntlet | Identified the cursed +0 pair of boots of Riffi {Rampage}
                  | (You found it in a Gauntlet)
 21090 | Gauntlet | Got a pitted turquoise ring
 21092 | Gauntlet | Identified the ring "Lebrinwaf" {rF+ rC- rN+ Dex+6} (You
                  | found it in a Gauntlet)
 21332 | Lair:3   | Received a gift from Trog
 21460 | Lair:3   | Found a runed translucent door.
 21461 | Lair:3   | Found a shimmering altar of Xom.
 21461 | Lair:3   | Noticed Oluanan's ghost (journeyman DsFi)
 21477 | Lair:3   | Killed Oluanan's ghost
 21622 | Lair:3   | Reached XP level 16. HP: 141/157 MP: 15/15
 22249 | D:13     | Bought a potion of mutation for 144 gold pieces
 22538 | Lair:4   | Found a staircase to the Swamp.
 23488 | Lair:5   | Found a staircase to the Slime Pits.
 24146 | Lair:6   | Entered Level 6 of the Lair of Beasts
 24495 | Lair:6   | Received a gift from Trog
 25384 | Lair:6   | Identified a scroll of acquirement
 25508 | D:11     | Acquired 617 gold pieces
 25601 | Orc:2    | Bought a pair of fine gloves for 313 gold pieces
 25601 | Orc:2    | Bought a scroll labelled AKAZUD MOBIFYFA for 33 gold pieces
 25611 | Orc:2    | Identified the cursed +0 pair of gloves of Denicuh {Str+4
                  | Slay+3} (You bought it in a shop on level 2 of the Orcish
                  | Mines)
 25751 | D:8      | Bought a scroll of blinking for 90 gold pieces
 25877 | Elf:1    | Entered Level 1 of the Elven Halls
 26663 | Elf:1    | Received a gift from Trog
 26793 | Elf:1    | Reached XP level 17. HP: 170/170 MP: 5/16
 27271 | Spider:1 | Entered Level 1 of the Spider Nest
 27290 | Spider:1 | Noticed Nikola
 27312 | Spider:1 | Killed Nikola
 27313 | Spider:1 | Reached skill level 15 in Shields
 27923 | Spider:1 | Received a gift from Trog
 28136 | Spider:1 | Noticed Roxanne
 28148 | Spider:1 | Killed Roxanne
 28596 | Spider:1 | Acquired a manual of Throwing
 28671 | Spider:2 | Noticed Arachne
 28684 | Spider:1 | Killed Arachne
 29180 | Spider:2 | Received a gift from Trog
 30426 | Spider:4 | Entered Level 4 of the Spider Nest
 31031 | Spider:4 | Reached XP level 18. HP: 182/182 MP: 17/17
 31033 | Spider:4 | Received a gift from Trog
 31050 | Spider:4 | Reached skill level 10 in Throwing
 31879 | Spider:4 | Got a gossamer rune of Zot
 32491 | Swamp:1  | Entered Level 1 of the Swamp
 32491 | Swamp:1  | Noticed Aizul
 32504 | Lair:4   | Killed Aizul
 32546 | Swamp:1  | Received a gift from Trog
 34869 | Depths:1 | Entered Level 1 of the Depths
 35168 | Depths:1 | Found a gateway to Hell.
 35484 | Depths:1 | Found Genimmosa's Antique Armour Emporium.
 36093 | D:8      | Bought a scroll of enchant armour for 90 gold pieces
 36093 | D:8      | Bought a scroll of enchant armour for 90 gold pieces
 36709 | Depths:2 | Reached XP level 19. HP: 192/192 MP: 18/18
 36720 | Depths:2 | Received a gift from Trog
 37443 | Elf:2    | Found a huge runed translucent gate.
 37443 | Elf:2    | Found a huge runed translucent gate.
 37443 | Elf:2    | Found a huge runed translucent gate.
 37443 | Elf:2    | Found a huge runed translucent gate.
 37444 | Elf:2    | Found a huge runed translucent gate.
 38217 | Elf:3    | Entered Level 3 of the Elven Halls
 38422 | Elf:3    | Received a gift from Trog
 38453 | Elf:3    | Identified the Collected Works on Mutagenic Translocation
 38625 | Elf:3    | Cast into level 4 of the Abyss (a deep elf sorcerer)
 38685 | Abyss:5  | Entered Level 5 of the Abyss
 38800 | Elf:3    | Escaped the Abyss
 38940 | Elf:3    | Reached skill level 15 in Throwing
 38942 | Elf:3    | Identified the +1 scale mail of the Farrier {Rampage Int+3
                  | SInv}
 39072 | Elf:3    | Cast into level 2 of the Abyss (a deep elf sorcerer)
 39131 | Abyss:3  | Found an iron altar of Okawaru.
 39157 | Elf:3    | Escaped the Abyss
 39217 | Elf:3    | Noticed a Brimstone Fiend
 39276 | Elf:3    | Received a gift from Trog
 39282 | Elf:3    | Reached XP level 20. HP: 203/203 MP: 6/19
 39417 | Elf:3    | Found a shimmering blue altar of Sif Muna.
 39718 | Elf:3    | Got a fine lead amulet
 39816 | Elf:3    | Got a translucent tin ring
 39836 | Elf:3    | Got a sparkling garnet amulet
 39869 | Elf:3    | Got a warped bronze ring
 39933 | Elf:3    | Identified the Almanac of Earthen Changing
 40377 | Elf:1    | Identified the amulet "Zoajae" {Faith rPois Int+3} (You
                  | found it on level 3 of the Elven Halls)
 40378 | Elf:1    | Identified the ring of the Townfolk {Ice Str+3 Int-3 SInv}
                  | (You found it on level 3 of the Elven Halls)
 40379 | Elf:1    | Identified the amulet "Naishrion" {*Corrode Regen+ Dex+6
                  | SInv} (You found it on level 3 of the Elven Halls)
 40380 | Elf:1    | Identified the ring "Asoiveg" {Str+6 Dex+7} (You found it
                  | on level 3 of the Elven Halls)
 40382 | Elf:1    | Acquired 522 gold pieces
 40490 | Elf:3    | Got a pair of warped boots
 40491 | Elf:3    | Identified the +1 pair of boots of Makhleb's Esteem {Dex+4}
                  | (You found it on level 3 of the Elven Halls)
 41039 | Depths:2 | Noticed a golden dragon
 41049 | Depths:2 | Killed a golden dragon
 41231 | Depths:2 | Noticed a caustic shrike
 41238 | Depths:2 | Killed a caustic shrike
 41843 | Depths:2 | Identified the +7 short sword "Nezucs" {vorpal, Int+5}
 41848 | Depths:2 | Received a gift from Trog
 42360 | Depths:3 | Noticed Boris
 42437 | Depths:3 | Killed Boris
 42615 | Depths:3 | Reached XP level 21. HP: 182/214 MP: 6/20
 42703 | Depths:3 | Noticed a golden dragon
 42714 | Depths:3 | Killed a golden dragon
 42770 | Depths:3 | Found a one-way gate leading to the halls of Pandemonium.
 42934 | Depths:3 | Found a gateway to a ziggurat.
 43123 | Depths:3 | Received a gift from Trog
 43858 | Depths:3 | Noticed a golden dragon
 43875 | Depths:3 | Killed a golden dragon
 44286 | Depths:3 | Got an ebony broad axe
 44287 | Depths:3 | Identified the +1 broad axe of Olaptas {vorpal, Int+6} (You
                  | found it on level 3 of the Depths)
 44575 | Depths:4 | Received a gift from Trog
 44576 | Depths:4 | Noticed Boris
 44587 | Depths:4 | Killed Boris
 45458 | Depths:4 | Noticed an ancient lich
 45470 | Depths:4 | Killed an ancient lich
 45624 | Depths:4 | Found a one-way gate to the infinite horrors of the Abyss.
 45946 | D:9      | Fell from the grace of Trog
 45946 | D:9      | Became a worshipper of Zin the Law-Giver
 45946 | D:9      | Reached * piety under Zin
 45946 | D:9      | Reached ** piety under Zin
 46269 | Depths:4 | Donated 2280 gold pieces to Zin
 46273 | Depths:4 | Voluntarily entered the Abyss.
 46285 | Abyss:1  | Reached *** piety under Zin
 46290 | Abyss:1  | Gained mutation: Armour fits poorly on your strangely
                  | shaped body. [a neqoxec]
 46343 | Abyss:1  | Reached XP level 22. HP: 189/227 MP: 7/21
 46371 | Abyss:2  | Lost intelligence.
 46390 | Abyss:2  | Reached **** piety under Zin
 46497 | Abyss:2  | Reached ***** piety under Zin
 46526 | Abyss:2  | Paralysed by accursed screaming for 1 turns
 46554 | Abyss:2  | Reached skill level 1 in Invocations
 46606 | Abyss:2  | Found a corrupted altar of Lugonu.
 46689 | Depths:4 | Escaped the Abyss
 47393 | Swamp:3  | Reached ****** piety under Zin
 47849 | Swamp:4  | Entered Level 4 of the Swamp
 48366 | Swamp:4  | Noticed Louise
 48387 | Swamp:4  | Killed Louise
 48910 | Swamp:4  | Got a decaying rune of Zot
 60432 | Depths:4 | Learned a level 1 spell: Apportation
 60433 | Depths:4 | Voluntarily entered the Abyss.
 60688 | Abyss:1  | Reached skill level 5 in Invocations
 60692 | Abyss:1  | Lost mutation: Armour fits poorly on your strangely shaped
                  | body. [potion of mutation]
 60909 | Abyss:1  | Reached skill level 1 in Translocations
 60921 | Abyss:1  | Found a corrupted altar of Lugonu.
 60922 | Abyss:1  | Noticed a juggernaut
 60934 | Abyss:1  | Killed a juggernaut
 60935 | Abyss:1  | Reached skill level 1 in Spellcasting
 60943 | Depths:4 | Escaped the Abyss
 60958 | Depths:4 | Voluntarily entered the Abyss.
 60960 | Abyss:1  | Found a corrupted altar of Lugonu.
 61100 | Abyss:1  | Paralysed by accursed screaming for 1 turns
 61801 | Abyss:2  | Found a corrupted altar of Lugonu.
 62033 | Abyss:2  | Paralysed by Trog for 6 turns
 62089 | Depths:4 | Escaped the Abyss
 62095 | Depths:4 | Voluntarily entered the Abyss.
 62582 | Abyss:1  | Reached XP level 23. HP: 196/236 MP: 8/26
 63754 | Depths:4 | Escaped the Abyss
 64126 | Slime:1  | Entered Level 1 of the Pits of Slime
 64472 | Slime:1  | You fall into a shaft and drop 1 floor!
 66656 | Slime:4  | Reached skill level 5 in Translocations
 66725 | Slime:5  | Entered Level 5 of the Pits of Slime
 67381 | Slime:4  | Reached XP level 24. HP: 219/247 MP: 9/28
 67559 | Slime:5  | Noticed the Royal Jelly
 67573 | Slime:5  | Killed the Royal Jelly
 67852 | Slime:5  | Reached skill level 5 in Spellcasting
 68112 | Slime:5  | Found the +27 Lear's hauberk
 68161 | Slime:5  | Got a bound copper ring
 68228 | Slime:5  | Got a slimy rune of Zot
 68371 | Slime:5  | Was forgiven by Trog
 69230 | Depths:2 | Identified the Disquisition on the Frostbite and the
                  | Entourage
 69392 | Depths:4 | Identified the ring "Ahad" {rPois Int-5 Slay+2 Stlth+} (You
                  | found it on level 5 of the Pits of Slime)
 69402 | Depths:4 | Learned a level 2 spell: Blink
 69403 | Depths:4 | Voluntarily entered the Abyss.
 69403 | Abyss:1  | Found a corrupted altar of Lugonu.
 69585 | Abyss:2  | Found a corrupted altar of Lugonu.
 70164 | Abyss:2  | Paralysed by accursed screaming for 1 turns
 70599 | Abyss:2  | Paralysed by accursed screaming for 1 turns
 70604 | Abyss:2  | Paralysed by accursed screaming for 2 turns
 71375 | Abyss:3  | Reached skill level 27 in Fighting
 71541 | Abyss:3  | Reached skill level 10 in Invocations
 71629 | Abyss:3  | Reached XP level 25. HP: 257/257 MP: 10/31
 71671 | Abyss:3  | Reached skill level 15 in Dodging
 71694 | Abyss:3  | Paralysed by accursed screaming for 1 turns
 71699 | Abyss:3  | Paralysed by accursed screaming for 1 turns
 72379 | Abyss:3  | Got an abyssal rune of Zot
 72603 | Abyss:3  | Identified the Collected Works on Necromancy
 72612 | Abyss:3  | Identified the Reference Book on Transformation
 72614 | Abyss:3  | Identified the Collected Works on Creation
 72619 | Abyss:3  | Identified the Disquisition on Shape Shifting
 72636 | Abyss:3  | Identified the Compendium of the Frostbite
 72639 | Abyss:3  | Identified the Grimoire of Ice
 72647 | Abyss:3  | Identified the Papyrus of the Snowflakes
 72687 | Depths:4 | Escaped the Abyss
 72698 | Depths:4 | Voluntarily entered the Abyss.
 72716 | Abyss:1  | Noticed an ancient lich
 72725 | Abyss:1  | Killed an ancient lich
 72766 | Abyss:1  | Found a corrupted altar of Lugonu.
 72815 | Abyss:1  | Noticed an ancient lich
 72825 | Abyss:1  | Killed an ancient lich
 72989 | Abyss:1  | Found a corrupted altar of Lugonu.
 73073 | Depths:4 | Escaped the Abyss
 73377 | D:8      | Bought a potion of heal wounds for 70 gold pieces
 73377 | D:8      | Bought a potion of resistance for 140 gold pieces
 73377 | D:8      | Bought a potion of experience for 700 gold pieces
 73377 | D:8      | Bought a potion of curing for 42 gold pieces
 73509 | Orc:2    | Bought a potion of heal wounds for 55 gold pieces
 73509 | Orc:2    | Bought 2 silver javelins for 52 gold pieces
 73692 | D:13     | Bought a potion of heal wounds for 90 gold pieces
 73692 | D:13     | Bought a potion of heal wounds for 90 gold pieces
 73692 | D:13     | Bought a potion of haste for 180 gold pieces
 73692 | D:13     | Bought a potion of haste for 180 gold pieces
 73692 | D:13     | Reached XP level 26. HP: 266/266 MP: 10/31
 73834 | Orc:2    | Bought a potion of curing for 99 gold pieces
 74184 | Depths:4 | Voluntarily entered the Abyss.
 74255 | Abyss:1  | Paralysed by accursed screaming for 1 turns
 74626 | Abyss:1  | Reached XP level 27. HP: 248/273 MP: 10/31
 74669 | Depths:4 | Escaped the Abyss
 74940 | Vaults:1 | Entered Level 1 of the Vaults
 75030 | Vaults:1 | Reached skill level 27 in Shields
 75058 | Vaults:1 | Noticed Boris
 75069 | Vaults:1 | Killed Boris
 76242 | Vaults:1 | Found Firoz's Gadget Boutique.
 76549 | Vaults:2 | Found a flickering gateway to a bazaar.
 76579 | Bazaar   | Entered a bazaar
 76580 | Bazaar   | Found Pialut's Armour Shop.
 76580 | Bazaar   | Found Burol's Weapon Boutique.
 76581 | Bazaar   | Found Motz's Jewellery Emporium.
 76612 | Bazaar   | Found Kuaneufe's Jewellery Emporium.
 76620 | Bazaar   | Bought a cursed ring of stealth for 101 gold pieces
 76621 | Bazaar   | Bought an uncursed ring of magical power for 140 gold
                  | pieces
 76774 | Vaults:2 | Noticed Saint Roka
 76784 | Vaults:2 | Was placed under penance by Zin
 76794 | Vaults:2 | Killed Saint Roka
 76915 | Vaults:2 | Was forgiven by Zin
 77247 | Vaults:2 | Noticed Mennas
 77254 | Vaults:2 | Killed Mennas
 78390 | Depths:4 | Voluntarily entered the Abyss.
 78567 | Abyss:1  | Paralysed by accursed screaming for 1 turns
 80555 | Abyss:3  | Found a corrupted altar of Lugonu.
 81161 | Abyss:3  | Reached skill level 15 in Invocations
 82503 | Abyss:4  | Reached skill level 27 in Armour
 82669 | Abyss:4  | Paralysed by accursed screaming for 1 turns
 82682 | Abyss:4  | Paralysed by accursed screaming for 1 turns
 82721 | Abyss:4  | HP: 7/273 [deep elf sorcerer/damnation (43)]
 82834 | Depths:4 | Escaped the Abyss
 82836 | Depths:4 | Voluntarily entered the Abyss.
 82869 | Abyss:1  | Found a shadowy altar of Dithmenos.
 82892 | Depths:4 | Escaped the Abyss
 82894 | Depths:4 | Voluntarily entered the Abyss.
 82928 | Abyss:1  | Noticed an ancient lich
 82957 | Abyss:2  | Found a bloodstained altar of Trog.
 83202 | Depths:4 | Escaped the Abyss
 83204 | Depths:4 | Voluntarily entered the Abyss.
 83210 | Depths:4 | Escaped the Abyss
 83220 | Depths:4 | Voluntarily entered the Abyss.
 83275 | Abyss:1  | Paralysed by accursed screaming for 1 turns
 83443 | Abyss:1  | Noticed an ancient lich
 83450 | Abyss:1  | Killed an ancient lich
 83462 | Depths:4 | Escaped the Abyss
 84017 | Vaults:3 | Noticed Bai Suzhen
 84035 | Vaults:3 | Killed Bai Suzhen
 84545 | Vaults:3 | Found a staircase to the Crypt.
 84545 | Vaults:3 | Found a basalt altar of Yredelemnul.
 84545 | Vaults:3 | Found an ancient bone altar of Kikubaaqudgha.
 84740 | Vaults:3 | Noticed Margery
 84749 | Vaults:3 | Killed Margery
 85486 | Vaults:4 | Acquired 1003 gold pieces
 85735 | Vaults:4 | Noticed Boris
 85751 | Vaults:4 | Killed Boris
 85833 | Vaults:4 | Noticed Xtahua
 85845 | Vaults:4 | Killed Xtahua
 86180 | Vaults:4 | Found a runed translucent door.
 86180 | Vaults:4 | Noticed sixsigma's ghost (veteran GnCj)
 86199 | Vaults:4 | Killed sixsigma's ghost
 86557 | Vaults:5 | Entered Level 5 of the Vaults
 86967 | Vaults:5 | Identified the ring of Joelycix {Fire Int+4 Dex+4 Slay+2}
 87514 | Vaults:5 | Identified the cursed +3 triple crossbow of the Shouting
                  | Madman {venom, rF+ Str+4}
 87588 | Vaults:5 | Identified the +6 quarterstaff "Zuidwicyi" {drain, +Fly
                  | Str+3 Dex+3}
 88064 | Vaults:5 | Identified the +7 halberd of Piddioju {antimagic, Will+
                  | Str+2 Int+2}
 88536 | Vaults:5 | Got a silver rune of Zot
 88717 | Vaults:5 | Found Elesuz's Book Shoppe.
 88724 | Vaults:5 | Bought a manual of Dodging for 2539 gold pieces
 88874 | Vaults:5 | Acquired 896 gold pieces
 89431 | Depths:4 | Voluntarily entered the Abyss.
 89431 | Abyss:1  | Found a corrupted altar of Lugonu.
 89541 | Abyss:1  | Paralysed by accursed screaming for 2 turns
 89719 | Abyss:1  | Found a corrupted altar of Lugonu.
 89950 | Depths:4 | Escaped the Abyss
 90380 | Crypt:1  | Entered Level 1 of the Crypt
 90611 | Crypt:1  | Noticed Boris
 90617 | Crypt:1  | Killed Boris
 90981 | Crypt:1  | Paralysed by a vampire knight for 3 turns
 91122 | Crypt:2  | Noticed Jory
 91132 | Crypt:2  | Killed Jory
 91824 | Crypt:3  | Entered Level 3 of the Crypt
 92464 | Crypt:3  | Found the +2 Maxwell's thermic engine {flame, freeze}
 92862 | Crypt:3  | Found a staircase to the Tomb.
 93134 | Crypt:3  | Found a basalt altar of Yredelemnul.
 93268 | Crypt:3  | Identified the amulet of Opluopt {Reflect Str+7 SH+5}
 93293 | Crypt:3  | Identified Qiedgh's Incunabulum of Sinister Magic
 93838 | Tomb:1   | Entered Level 1 of the Tomb of the Ancients
 94057 | Tomb:1   | Noticed an ancient lich
 94067 | Tomb:1   | Killed an ancient lich
 94774 | Tomb:1   | Noticed a royal mummy
 94787 | Tomb:1   | Killed a royal mummy
 94807 | Tomb:1   | Gained mutation: Your body sometimes deteriorates upon
                  | taking damage. [mutagenic glow]
 94810 | Tomb:1   | Lost mutation: Your body sometimes deteriorates upon taking
                  | damage. [potion of mutation]
 95957 | Depths:4 | Acquired 675 gold pieces
 95963 | Depths:4 | Voluntarily entered the Abyss.
 96207 | Abyss:1  | Got a pair of faintly glowing boots
 96208 | Abyss:1  | Identified the cursed +0 pair of boots of Kehaf {+Inv} (You
                  | found it on level 1 of the Abyss)
 96897 | Depths:4 | Escaped the Abyss
 96970 | Hell     | Entered the Vestibule of Hell
 96970 | Hell     | Noticed Geryon
 96996 | Hell     | Killed Geryon
 97187 | Hell     | Found a gateway to the Iron City of Dis.
 97246 | Hell     | Found a gateway to the freezing wastes of Cocytus.
 97360 | Hell     | Found a gateway to the decaying netherworld of Tartarus.
 97426 | Hell     | Found a gateway to the ashen valley of Gehenna.
 97471 | Dis:1    | Entered Level 1 of the Iron City of Dis
 98589 | Dis:4    | You fall into a shaft and drop 2 floors!
 98715 | Dis:7    | Entered Level 7 of the Iron City of Dis
 99961 | Dis:7    | Got a heavily runed ivory ring
 99985 | Dis:7    | Identified the ring "Qathok" {rF+ rC- rN+ Stlth+} (You
                  | found it on level 7 of the Iron City of Dis)
101045 | Dis:7    | Noticed the Serpent of Hell
101079 | Dis:7    | Killed the Serpent of Hell
101297 | Dis:7    | Reached skill level 27 in Invocations
101524 | Dis:7    | Found the +4 staff of Dispater
101524 | Dis:7    | Identified the ring "Hogiar" {Ice rPois}
101524 | Dis:7    | Noticed Dispater
101595 | Dis:7    | Killed Dispater
101779 | Dis:7    | Got an iron rune of Zot
101963 | Geh:1    | Entered Level 1 of Gehenna
102472 | Depths:4 | Voluntarily entered the Abyss.
102472 | Abyss:1  | Found a corrupted altar of Lugonu.
103078 | Abyss:2  | Found a corrupted altar of Lugonu.
103463 | Abyss:2  | Got a fine falchion
103480 | Abyss:2  | Identified the +1 falchion of Disorder {drain, rPois rN+
                  | Str-5 Dex+8} (You found it on level 2 of the Abyss)
103563 | Abyss:2  | Paralysed by accursed screaming for 1 turns
103570 | Abyss:2  | Paralysed by accursed screaming for 2 turns
103576 | Abyss:2  | Paralysed by accursed screaming for 1 turns
104752 | Abyss:2  | Reached skill level 27 in Dodging
105068 | Depths:4 | Escaped the Abyss
105095 | Depths:5 | Entered Level 5 of the Depths
105143 | Depths:5 | Noticed a juggernaut
105169 | Depths:4 | Killed a juggernaut
105315 | Depths:5 | Found Benk's Jewellery Shoppe.
105316 | Depths:5 | Found Xous's Gadget Shop.
105318 | Depths:5 | Found Fiwanake's Jewellery Shoppe.
105324 | Depths:5 | Bought the ring "Gifuemp" {rElec rN+} for 408 gold pieces
105543 | Depths:5 | Found a gate to the Realm of Zot.
106123 | Zot:1    | Entered Level 1 of the Realm of Zot
107060 | Zot:1    | Identified the ring of Dywuit {+Inv Will+ SInv}
108190 | Zot:2    | Noticed an orb of fire
108214 | Zot:2    | Killed an orb of fire
108453 | Zot:2    | Reached skill level 10 in Spellcasting
110226 | Zot:4    | Noticed an ancient lich
110228 | Zot:4    | Killed an ancient lich
110453 | Zot:4    | Noticed an orb of fire
110486 | Zot:4    | Killed an orb of fire
111174 | Zot:5    | Entered Level 5 of the Realm of Zot
111981 | Zot:5    | Noticed an orb of fire
111985 | Zot:5    | Noticed an orb of fire
111986 | Zot:5    | Noticed an orb of fire
111988 | Zot:5    | Noticed an orb of fire
111989 | Zot:5    | Noticed an ancient lich
111992 | Zot:5    | Noticed an ancient lich
112017 | Zot:5    | Killed an orb of fire
112142 | Zot:5    | Killed an orb of fire
112713 | Zot:5    | Noticed an orb of fire
112737 | Zot:5    | Noticed an orb of fire
112952 | Depths:4 | Acquired 626 gold pieces
112954 | Depths:4 | Voluntarily entered the Abyss.
113350 | Abyss:1  | Paralysed by accursed screaming for 1 turns
113847 | Depths:4 | Escaped the Abyss
113857 | Depths:4 | Learned a level 5 spell: Lee's Rapid Deconstruction
113858 | Depths:4 | Voluntarily entered the Abyss.
114129 | Abyss:1  | Reached skill level 1 in Evocations
114140 | Abyss:1  | Reached skill level 1 in Earth Magic
114187 | Abyss:2  | Found a corrupted altar of Lugonu.
114212 | Abyss:2  | Found a corrupted altar of Lugonu.
115019 | Abyss:3  | Found a corrupted altar of Lugonu.
115064 | Abyss:3  | Got an ichor-stained short sword
115234 | Abyss:3  | Reached skill level 5 in Evocations
115258 | Abyss:3  | Noticed an ancient lich
115401 | Abyss:3  | Got an encrusted helmet
115402 | Abyss:3  | Identified the +4 helmet of the Armoured One {Int+3} (You
                  | found it on level 3 of the Abyss)
115404 | Abyss:3  | Identified the cursed +1 short sword "Rifuehicvi" {freeze,
                  | rElec Will+} (You found it on level 3 of the Abyss)
115522 | Abyss:3  | Reached skill level 5 in Earth Magic
115950 | Abyss:3  | Noticed a juggernaut
115950 | Abyss:3  | a titan changed into a juggernaut
116810 | Depths:4 | Escaped the Abyss
117532 | Tar:1    | Entered Level 1 of Tartarus
117555 | Tar:1    | Reached skill level 27 in Throwing
118510 | Tar:5    | You fall into a shaft and drop 1 floor!
118631 | Tar:7    | Entered Level 7 of Tartarus
119377 | Tar:7    | Reached skill level 10 in Earth Magic
119815 | Tar:7    | Got a faintly glowing amber ring
119817 | Tar:7    | Identified the ring "Loag" {AC+4 Dex+5} (You found it on
                  | level 7 of Tartarus)
120677 | Tar:7    | Noticed Ereshkigal
120697 | Tar:7    | Killed Ereshkigal
121165 | Tar:7    | Got a bone rune of Zot
121233 | Tar:7    | Got a bound ruby amulet
121235 | Tar:7    | Identified the amulet of Gyarack {Inacc rC+ rN+} (You found
                  | it on level 7 of Tartarus)
121424 | Depths:4 | Voluntarily entered the Abyss.
121639 | Abyss:1  | Paralysed by a lich for 4 turns
121649 | Abyss:1  | Paralysed by a lich for 6 turns
122073 | Abyss:1  | Learned a level 2 spell: Passwall
122077 | Abyss:1  | Learned a level 3 spell: Lesser Beckoning
122081 | Abyss:1  | Learned a level 3 spell: Teleport Other
122160 | Abyss:1  | Reached skill level 1 in Transmutations
122516 | Abyss:1  | Reached skill level 15 in Earth Magic
122709 | Abyss:1  | Noticed an ancient lich
123051 | Abyss:1  | Paralysed by accursed screaming for 1 turns
123234 | Abyss:1  | Paralysed by accursed screaming for 2 turns
123246 | Abyss:1  | Paralysed by accursed screaming for 1 turns
123250 | Abyss:1  | Reached skill level 5 in Transmutations
123682 | Abyss:1  | Paralysed by accursed screaming for 1 turns
123945 | Abyss:1  | Found a roughly hewn altar of Beogh.
124429 | Abyss:1  | Found a corrupted altar of Lugonu.
124503 | Abyss:1  | Killed an ancient lich
126336 | Abyss:2  | Reached skill level 10 in Translocations
126788 | Abyss:2  | Reached skill level 15 in Spellcasting
127491 | Abyss:2  | Learned a level 4 spell: Petrify
128637 | Abyss:2  | Found a runed translucent door.
128639 | Abyss:2  | Got a dazzling plate armour
128694 | Abyss:3  | Found a corrupted altar of Lugonu.
128713 | Depths:4 | Escaped the Abyss
128714 | Depths:4 | Acquired 764 gold pieces
128715 | Depths:4 | Acquired a manual of Summonings
128718 | Depths:4 | Acquired Emusodea's Almanac of the Harmful Entourage
128721 | Depths:4 | Voluntarily entered the Abyss.
128745 | Abyss:1  | Reached skill level 1 in Summonings
128746 | Abyss:1  | Paralysed by accursed screaming for 2 turns
128751 | Abyss:1  | Paralysed by accursed screaming for 2 turns
129002 | Abyss:1  | Noticed an ancient lich
129007 | Abyss:1  | Killed an ancient lich
129008 | Abyss:1  | Reached skill level 5 in Summonings
129203 | Abyss:1  | Reached skill level 10 in Evocations
130258 | Abyss:1  | Learned a level 6 spell: Shadow Creatures
130292 | Abyss:1  | Reached skill level 10 in Summonings
130468 | Depths:4 | Escaped the Abyss
130500 | Depths:4 | Voluntarily entered the Abyss.
132047 | Abyss:3  | Found a broken altar of Ashenzari.
132256 | Depths:4 | Escaped the Abyss
132266 | Depths:4 | Voluntarily entered the Abyss.
134348 | Abyss:5  | Entered Level 5 of the Abyss
134547 | Abyss:5  | Got a faintly glowing flail
134548 | Abyss:5  | Identified the +6 flail "Tiz Jips" {speed, rN+} (You found
                  | it on level 5 of the Abyss)
134929 | Depths:4 | Escaped the Abyss
136255 | Geh:7    | Entered Level 7 of Gehenna
136627 | Geh:7    | Reached skill level 15 in Evocations
137569 | Geh:7    | Found the +7 sceptre of Asmodeus
137569 | Geh:7    | Noticed Asmodeus
138248 | Geh:7    | Killed Asmodeus
138336 | Geh:7    | Got an obsidian rune of Zot
139791 | Geh:7    | Reached skill level 1 in Stealth
140054 | Depths:4 | Voluntarily entered the Abyss.
140296 | Abyss:2  | Found an iron altar of Okawaru.
140335 | Abyss:2  | Reached skill level 5 in Stealth
140407 | Abyss:4  | Found a corrupted altar of Lugonu.
140437 | Abyss:4  | Found a corrupted altar of Lugonu.
140632 | Abyss:4  | Found a corrupted altar of Lugonu.
140718 | Abyss:5  | Entered Level 5 of the Abyss
140914 | Depths:4 | Escaped the Abyss
141018 | Coc:1    | Entered Level 1 of Cocytus
141552 | Coc:4    | Reached skill level 10 in Stealth
141748 | Coc:7    | Entered Level 7 of Cocytus
143582 | Coc:7    | Noticed Antaeus
143660 | Coc:7    | Killed Antaeus
143796 | Coc:7    | Got an icy rune of Zot
143838 | Coc:7    | Identified the Handbook of the Bewitching Volcanoes
144222 | Depths:4 | Acquired a manual of Stealth
144861 | Tomb:2   | Noticed a royal mummy
144863 | Tomb:2   | Noticed a royal mummy
144866 | Tomb:2   | Noticed an ancient lich
144866 | Tomb:2   | Noticed a royal mummy
144881 | Tomb:2   | Noticed a royal mummy
146388 | Tomb:2   | Killed a royal mummy
146396 | Tomb:2   | Killed a royal mummy
146400 | Tomb:2   | Killed a royal mummy
146406 | Tomb:2   | Killed an ancient lich
146417 | Tomb:2   | Killed a royal mummy
147085 | Tomb:1   | Noticed a royal mummy
147098 | Tomb:1   | Killed a royal mummy
147201 | Tomb:1   | Noticed a royal mummy
147320 | Tomb:1   | Killed a royal mummy
147354 | Tomb:1   | Noticed a royal mummy
147366 | Tomb:1   | Killed a royal mummy
147367 | Tomb:1   | Noticed a royal mummy
147368 | Tomb:1   | Noticed Mara
147374 | Tomb:1   | Killed Mara
147379 | Tomb:1   | Killed a royal mummy
147581 | Tomb:1   | Noticed a royal mummy
147588 | Tomb:1   | Killed a royal mummy
147592 | Tomb:1   | Noticed a royal mummy
147609 | Tomb:1   | Killed a royal mummy
147720 | Tomb:1   | Noticed a royal mummy
147733 | Tomb:1   | Killed a royal mummy
147740 | Tomb:1   | Noticed a royal mummy
147742 | Tomb:1   | Noticed a royal mummy
147752 | Tomb:1   | Killed a royal mummy
147752 | Tomb:1   | Noticed a royal mummy
147762 | Tomb:1   | Killed a royal mummy
147763 | Tomb:1   | Noticed a royal mummy
147771 | Tomb:1   | Killed a royal mummy
147776 | Tomb:1   | Killed a royal mummy
147929 | Tomb:1   | Noticed a royal mummy
147971 | Tomb:1   | Killed a royal mummy
148041 | Tomb:1   | Noticed a royal mummy
148056 | Tomb:1   | Killed a royal mummy
148068 | Tomb:1   | Noticed a royal mummy
148219 | Tomb:1   | Noticed a royal mummy
148266 | Tomb:1   | Killed a royal mummy
148273 | Tomb:1   | Noticed a royal mummy
148290 | Tomb:1   | Killed a royal mummy
148443 | Tomb:1   | Killed a royal mummy
148444 | Tomb:1   | Noticed a royal mummy
148445 | Tomb:1   | Noticed a royal mummy
148455 | Tomb:1   | Killed a royal mummy
148491 | Tomb:1   | Killed a royal mummy
149630 | Depths:4 | Voluntarily entered the Abyss.
150123 | Depths:4 | Escaped the Abyss
151403 | Depths:4 | Voluntarily entered the Abyss.
151452 | Depths:4 | Escaped the Abyss
151454 | Depths:4 | Voluntarily entered the Abyss.
151682 | Abyss:4  | Found a corrupted altar of Lugonu.
151754 | Abyss:5  | Entered Level 5 of the Abyss
152022 | Abyss:5  | Paralysed by accursed screaming for 1 turns
153160 | Abyss:5  | Paralysed by you for 7 turns
153350 | Abyss:5  | Reached skill level 27 in Evocations
153446 | Depths:4 | Escaped the Abyss
153468 | Depths:4 | Voluntarily entered the Abyss.
153598 | Abyss:1  | Paralysed by accursed screaming for 2 turns
153624 | Depths:4 | Escaped the Abyss
153630 | Depths:4 | Voluntarily entered the Abyss.
153664 | Abyss:1  | Noticed an ancient lich
153679 | Abyss:1  | Killed an ancient lich
153705 | Depths:4 | Escaped the Abyss
153707 | Depths:4 | Voluntarily entered the Abyss.
153960 | Depths:4 | Escaped the Abyss
154921 | Depths:4 | Voluntarily entered the Abyss.
155165 | Abyss:1  | Found a blossoming altar of Fedhas.
155332 | Abyss:1  | Found a corrupted altar of Lugonu.
155788 | Abyss:2  | Reached skill level 15 in Summonings
155901 | Abyss:3  | Found a corrupted altar of Lugonu.
156291 | Abyss:5  | Entered Level 5 of the Abyss
157113 | Abyss:5  | Got an ichor-stained flail
157114 | Abyss:5  | Identified the +9 flail "Badgho Hohu" {freeze, Int+3} (You
                  | found it on level 5 of the Abyss)
157394 | Depths:4 | Escaped the Abyss
157398 | Depths:4 | Voluntarily entered the Abyss.
157420 | Abyss:1  | Paralysed by accursed screaming for 1 turns
157500 | Abyss:1  | Paralysed by accursed screaming for 1 turns
157504 | Abyss:1  | Paralysed by accursed screaming for 1 turns
157510 | Abyss:1  | Paralysed by accursed screaming for 1 turns
157742 | Abyss:1  | Found a corrupted altar of Lugonu.
157791 | Abyss:3  | Got an ivory quarterstaff
157792 | Abyss:3  | Identified the cursed +1 quarterstaff "Lifebane" {venom,
                  | Will+} (You found it on level 3 of the Abyss)
158264 | Depths:4 | Escaped the Abyss
158278 | Depths:4 | Voluntarily entered the Abyss.
158295 | Abyss:1  | Found a shimmering blue altar of Sif Muna.
158623 | Abyss:1  | Found a corrupted altar of Lugonu.
158965 | Abyss:1  | Paralysed by accursed screaming for 1 turns
158968 | Abyss:1  | Paralysed by accursed screaming for 1 turns
159116 | Abyss:1  | Found a corrupted altar of Lugonu.
159335 | Abyss:2  | Found a corrupted altar of Lugonu.
159905 | Depths:4 | Escaped the Abyss
159959 | Depths:5 | Bought the ring of Raff {rPois rCorr} for 374 gold pieces
159965 | Depths:5 | Bought a wand of iceblast (4) for 208 gold pieces
161529 | Tomb:3   | Entered Level 3 of the Tomb of the Ancients
161557 | Tomb:3   | Noticed a royal mummy
161558 | Tomb:3   | Noticed an ancient lich
161558 | Tomb:3   | Noticed a royal mummy
161558 | Tomb:3   | Noticed a royal mummy
161560 | Tomb:3   | Noticed a royal mummy
161561 | Tomb:3   | Noticed a royal mummy
162227 | Depths:4 | Voluntarily entered the Abyss.
162808 | Abyss:1  | Found a corrupted altar of Lugonu.
163480 | Abyss:5  | Entered Level 5 of the Abyss
163603 | Abyss:5  | Paralysed by you for 2 turns
163873 | Abyss:5  | Paralysed by accursed screaming for 1 turns
163880 | Abyss:5  | Paralysed by accursed screaming for 1 turns
164101 | Depths:4 | Escaped the Abyss
164123 | Depths:4 | Voluntarily entered the Abyss.
164309 | Depths:4 | Escaped the Abyss
164311 | Depths:4 | Voluntarily entered the Abyss.
164403 | Abyss:2  | Found a corrupted altar of Lugonu.
164423 | Abyss:2  | Found a corrupted altar of Lugonu.
164437 | Abyss:3  | Found a corrupted altar of Lugonu.
164752 | Abyss:3  | Learned a level 4 spell: Passage of Golubria
165088 | Abyss:5  | Entered Level 5 of the Abyss
165104 | Depths:4 | Escaped the Abyss
165119 | Depths:4 | Voluntarily entered the Abyss.
165379 | Abyss:1  | Found an iron altar of Okawaru.
165618 | Abyss:1  | Paralysed by you for 5 turns
165673 | Abyss:1  | Found a blossoming altar of Fedhas.
167130 | Abyss:3  | Found a corrupted altar of Lugonu.
167141 | Depths:4 | Escaped the Abyss
167145 | Depths:4 | Voluntarily entered the Abyss.
167334 | Abyss:1  | Paralysed by accursed screaming for 1 turns
167498 | Abyss:2  | Found a corrupted altar of Lugonu.
167996 | Abyss:2  | Got an ancient quarterstaff
167997 | Abyss:2  | Identified the +7 quarterstaff of Bodily Humours {freeze,
                  | Str+2 Int+7 Dex-3} (You found it on level 2 of the Abyss)
169035 | Abyss:2  | Found a corrupted altar of Lugonu.
169143 | Abyss:2  | Paralysed by accursed screaming for 1 turns
170416 | Depths:4 | Escaped the Abyss
170423 | Depths:4 | Voluntarily entered the Abyss.
171708 | Abyss:3  | Learned a level 3 spell: Teleport Other
171782 | Abyss:3  | Paralysed by accursed screaming for 2 turns
172338 | Abyss:3  | Found a corrupted altar of Lugonu.
172681 | Abyss:3  | Found a shimmering altar of Xom.
172682 | Abyss:3  | Found a shimmering altar of Xom.
172682 | Abyss:3  | Found a shimmering altar of Xom.
172682 | Abyss:3  | Found a shimmering altar of Xom.
172692 | Abyss:3  | Found a shimmering altar of Xom.
172692 | Abyss:3  | Found a shimmering altar of Xom.
172692 | Abyss:3  | Found a corrupted altar of Lugonu.
172692 | Abyss:3  | Found a shimmering altar of Xom.
172692 | Abyss:3  | Found a shimmering altar of Xom.
172692 | Abyss:3  | Found a shimmering altar of Xom.
172699 | Abyss:3  | Found a shimmering altar of Xom.
172699 | Abyss:3  | Found a shimmering altar of Xom.
172699 | Abyss:3  | Found a shimmering altar of Xom.
172699 | Abyss:3  | Found a shimmering altar of Xom.
172699 | Abyss:3  | Found a shimmering altar of Xom.
172699 | Abyss:3  | Found a shimmering altar of Xom.
172699 | Abyss:3  | Found a shimmering altar of Xom.
172699 | Abyss:3  | Found a shimmering altar of Xom.
172700 | Abyss:3  | Found a shimmering altar of Xom.
172700 | Abyss:3  | Found a shimmering altar of Xom.
172734 | Abyss:3  | Found a shimmering altar of Xom.
172854 | Abyss:3  | Found a shimmering altar of Xom.
173048 | Abyss:3  | Found a shadowy altar of Dithmenos.
173071 | Abyss:3  | Found a shadowy altar of Dithmenos.
173230 | Abyss:3  | Found a corrupted altar of Lugonu.
174169 | Abyss:3  | Paralysed by you for 2 turns
174178 | Depths:4 | Escaped the Abyss
174185 | Depths:4 | Voluntarily entered the Abyss.
174233 | Abyss:1  | Noticed an ancient lich
174245 | Abyss:1  | Killed an ancient lich
174290 | Abyss:1  | Paralysed by accursed screaming for 1 turns
174317 | Abyss:1  | Noticed an ancient lich
174317 | Abyss:1  | Paralysed by accursed screaming for 2 turns
174819 | Depths:4 | Escaped the Abyss
174821 | Depths:4 | Voluntarily entered the Abyss.
175221 | Abyss:2  | Found a snail-covered altar of Cheibriados.
175427 | Abyss:2  | Found a corrupted altar of Lugonu.
175701 | Abyss:2  | Paralysed by accursed screaming for 2 turns
175725 | Abyss:2  | Paralysed by accursed screaming for 2 turns
176228 | Abyss:2  | Paralysed by accursed screaming for 1 turns
176621 | Abyss:2  | Paralysed by accursed screaming for 2 turns
176636 | Abyss:2  | Paralysed by accursed screaming for 2 turns
177396 | Abyss:2  | Found a corrupted altar of Lugonu.
177527 | Abyss:2  | Found a corrupted altar of Lugonu.
178324 | Abyss:3  | Found a corrupted altar of Lugonu.
178685 | Abyss:3  | Found an ornate altar of the Wu Jian Council.
178869 | Abyss:3  | Reached skill level 27 in Spellcasting
179095 | Abyss:3  | Found a shimmering altar of Xom.
179268 | Depths:4 | Escaped the Abyss
179673 | D:13     | You paid a toll of a +4 demon trident to enter a treasure
                  | trove
179674 | Trove    | Entered a treasure trove
179684 | Trove    | Identified Itejugephe's Almanac of Companions
180094 | Depths:4 | Voluntarily entered the Abyss.
180170 | Abyss:1  | Paralysed by accursed screaming for 1 turns
180261 | Abyss:1  | Noticed an ancient lich
180270 | Abyss:1  | Killed an ancient lich
181508 | Abyss:2  | Reached skill level 15 in Translocations
181693 | Abyss:2  | Got a scorched pewter ring
181699 | Abyss:2  | Identified the ring of Ceifaen {Str+4 Int+6} (You found it
                  | on level 2 of the Abyss)
182237 | Abyss:2  | Found a corrupted altar of Lugonu.
182766 | Depths:4 | Escaped the Abyss
183507 | Depths:4 | Voluntarily entered the Abyss.
183525 | Abyss:1  | Paralysed by a lich for 6 turns
183974 | Depths:4 | Escaped the Abyss
183976 | Depths:4 | Voluntarily entered the Abyss.
184100 | Abyss:1  | Noticed an ancient lich
184108 | Abyss:1  | Killed an ancient lich
184347 | Abyss:2  | Found a sacrificial altar of Ru.
185117 | Abyss:2  | Paralysed by accursed screaming for 1 turns
185175 | Depths:4 | Escaped the Abyss
185634 | Vaults:5 | Bought the Incunabulum of the Centipede for 1982 gold
                  | pieces
185634 | Vaults:5 | Bought a book of Death for 1610 gold pieces
186106 | Depths:4 | Voluntarily entered the Abyss.
186851 | Abyss:2  | Reached skill level 10 in Transmutations
187060 | Depths:4 | Escaped the Abyss
187932 | Tomb:3   | Noticed a royal mummy
187933 | Tomb:3   | Killed a royal mummy
187934 | Tomb:3   | Noticed an ancient lich
187935 | Tomb:3   | Noticed a royal mummy
187938 | Tomb:3   | Killed an ancient lich
187938 | Tomb:3   | Killed an ancient lich
187940 | Tomb:3   | Found the +8 autumn katana {vorpal, Clar}
188848 | Depths:4 | Voluntarily entered the Abyss.
188853 | Abyss:1  | Found an iron altar of Okawaru.
188936 | Abyss:1  | Noticed an ancient lich
188953 | Abyss:1  | Killed an ancient lich
189211 | Abyss:1  | Found an ancient bone altar of Kikubaaqudgha.
189225 | Abyss:1  | Paralysed by accursed screaming for 1 turns
189613 | Abyss:1  | Paralysed by accursed screaming for 1 turns
189850 | Abyss:2  | Got a creamy pearl robe
189851 | Abyss:2  | Identified the cursed +1 robe of Newu Qoam {rElec Dex+4}
                  | (You found it on level 2 of the Abyss)
190547 | Abyss:2  | Got a steaming scale mail
190550 | Abyss:2  | Identified the +5 scale mail of Grace {-Cast rPois Str+9
                  | Int-3} (You found it on level 2 of the Abyss)
190765 | Abyss:3  | Found a corrupted altar of Lugonu.
191489 | Abyss:5  | Entered Level 5 of the Abyss
191602 | Abyss:5  | Got an ancient cloak
191603 | Abyss:5  | Identified the +2 cloak of Dim Light {rF+ rN+} (You found
                  | it on level 5 of the Abyss)
192061 | Abyss:5  | Paralysed by accursed screaming for 1 turns
192164 | Depths:4 | Escaped the Abyss
193039 | Tomb:3   | Killed a royal mummy
193048 | Tomb:3   | Killed a royal mummy
193080 | Tomb:3   | Killed a royal mummy
193098 | Tomb:2   | Killed a royal mummy
193163 | Tomb:3   | Killed a royal mummy
193173 | Tomb:3   | Killed a royal mummy
193555 | Tomb:3   | Identified the Disquisition on Gliding Darkness
193817 | Tomb:3   | Got a golden rune of Zot
193943 | Tomb:3   | Got a slimy scythe
193944 | Tomb:3   | Identified the +9 scythe "Baogg" {elec, rElec rC+ Will+
                  | Dex-4} (You found it on level 3 of the Tomb of the
                  | Ancients)
194630 | Depths:4 | Voluntarily entered the Abyss.
194646 | Abyss:1  | Paralysed by accursed screaming for 2 turns
194919 | Abyss:1  | Got a pair of pitted gloves
194920 | Abyss:1  | Identified the +3 pair of gloves of Bright the Good {rC+
                  | Str-4 Dex+4} (You found it on level 1 of the Abyss)
195239 | Abyss:2  | Got a brightly glowing scale mail
195240 | Abyss:2  | Identified the +0 scale mail of Paranoia {rElec rC+++ Will-
                  | MP+9} (You found it on level 2 of the Abyss)
195416 | Abyss:2  | Learned a level 5 spell: Lee's Rapid Deconstruction
195430 | Abyss:2  | Found a corrupted altar of Lugonu.
196792 | Abyss:3  | Found a sparkling altar of Nemelex Xobeh.
196926 | Abyss:3  | Found a roughly hewn altar of Beogh.
196926 | Abyss:3  | Found an iron altar of Okawaru.
197032 | Abyss:4  | Found a corrupted altar of Lugonu.
197867 | Abyss:5  | Entered Level 5 of the Abyss
198147 | Abyss:5  | Paralysed by accursed screaming for 2 turns
198157 | Depths:4 | Escaped the Abyss
198175 | Depths:4 | Voluntarily entered the Abyss.
198337 | Abyss:1  | Got a twisted spear
198387 | Abyss:1  | Identified the +6 spear of Anger {protect, rN++ MP+9} (You
                  | found it on level 1 of the Abyss)
198410 | Abyss:2  | Found a burning altar of Makhleb.
198748 | Abyss:3  | Noticed an ancient lich
198760 | Abyss:3  | Killed an ancient lich
199194 | Abyss:3  | Lost intelligence.
199272 | Abyss:3  | Lost intelligence.
199344 | Abyss:3  | Lost intelligence.
199399 | Depths:4 | Escaped the Abyss
199401 | Depths:4 | Voluntarily entered the Abyss.
199415 | Abyss:1  | Paralysed by accursed screaming for 1 turns
199428 | Abyss:1  | Paralysed by accursed screaming for 1 turns
199487 | Depths:4 | Escaped the Abyss
199489 | Depths:4 | Voluntarily entered the Abyss.
199764 | Abyss:1  | Found a snail-covered altar of Cheibriados.
199836 | Depths:4 | Escaped the Abyss
199845 | Depths:4 | Learned a level 2 spell: Passwall
199848 | Depths:4 | Voluntarily entered the Abyss.
200799 | Depths:4 | Escaped the Abyss
200811 | Depths:4 | Voluntarily entered the Abyss.
200825 | Abyss:1  | Got a warped glass ring
200826 | Abyss:1  | Identified the ring "Yteosam" {+Fly rPois rC+ rN+ Str+6}
                  | (You found it on level 1 of the Abyss)
200862 | Abyss:1  | Learned a level 3 spell: Lesser Beckoning
201043 | Abyss:1  | Got a steaming flail
201044 | Abyss:1  | Identified the +8 flail of Fragile Peace {freeze, rF- Dex+5
                  | Stlth+} (You found it on level 1 of the Abyss)
202025 | Abyss:2  | Got an amethyst-encrusted plate armour
202026 | Abyss:2  | Identified the +10 plate armour "Homuab" {Regen+} (You
                  | found it on level 2 of the Abyss)
203417 | Abyss:2  | Found a radiant altar of Vehumet.
203429 | Abyss:2  | Found a radiant altar of Vehumet.
203725 | Abyss:2  | Reached skill level 15 in Stealth
203771 | Depths:4 | Escaped the Abyss
203774 | Depths:4 | Acquired the +2 pair of gloves of Oblivion {rElec MP+9
                  | Str+4 Dex+2}
203800 | Depths:4 | Voluntarily entered the Abyss.
203824 | Abyss:1  | Found a corrupted altar of Lugonu.
204015 | Abyss:1  | Found a corrupted altar of Lugonu.
204720 | Abyss:2  | Learned a level 5 spell: Lee's Rapid Deconstruction
205420 | Abyss:2  | Found a corrupted altar of Lugonu.
205507 | Abyss:2  | Found a corrupted altar of Lugonu.
205521 | Abyss:2  | Found a corrupted altar of Lugonu.
205625 | Depths:4 | Escaped the Abyss
205626 | Depths:4 | Acquired a Grand Grimoire
205709 | Pan      | Entered Pandemonium
205746 | Pan      | Reached skill level 15 in Transmutations
206103 | Pan      | Noticed Qaecyjyi the pandemonium lord
206110 | Pan      | Killed Qaecyjyi the pandemonium lord
206663 | Depths:3 | Escaped Pandemonium
206665 | Pan      | Entered Pandemonium
206684 | Pan      | Noticed Imidoena the pandemonium lord
206696 | Pan      | Killed Imidoena the pandemonium lord
207660 | Pan      | Noticed Osheval the pandemonium lord
207679 | Pan      | Killed Osheval the pandemonium lord
207699 | Pan      | Got a demonic rune of Zot
208536 | Pan      | Found a transporter.
208538 | Pan      | Found a transporter.
209089 | Pan      | Found an exit through the horrors of the Abyss.
209163 | Pan      | Found a transporter.
209234 | Pan      | Found a transporter.
209236 | Pan      | Found a transporter.
209548 | Pan      | Got a clouded ruby amulet
209550 | Pan      | Got a jewelled cloak
209581 | Pan      | Identified the +0 cloak of the Flute {Dex+6} (You found it
                  | in Pandemonium)
209583 | Pan      | Identified the amulet "Ehist" {Inacc rElec} (You found it
                  | in Pandemonium)
209686 | Pan      | Noticed Rozuttoy the pandemonium lord
209702 | Pan      | Killed Rozuttoy the pandemonium lord
210701 | Pan      | Noticed Maotewkegakk the pandemonium lord
210729 | Pan      | Killed Maotewkegakk the pandemonium lord
210821 | Pan      | Found an exit through the horrors of the Abyss.
211154 | Pan      | Noticed Icrehore the pandemonium lord
211168 | Pan      | Killed Icrehore the pandemonium lord
211679 | Pan      | Identified the +6 flail of Dawn {freeze, rElec Dex+3
                  | Stlth-}
212080 | Pan      | Noticed Molieh the pandemonium lord
212092 | Pan      | Killed Molieh the pandemonium lord
213261 | Pan      | Entered the realm of Gloorx Vloq.
213358 | Pan      | Acquired the +1 pair of gloves of the Moon {Will+ Regen+
                  | MP-9 Int+4}
214522 | Pan      | Noticed Gloorx Vloq
214537 | Pan      | Killed Gloorx Vloq
214787 | Pan      | Got a dark rune of Zot
214860 | Depths:3 | Escaped Pandemonium
214862 | Pan      | Entered Pandemonium
215150 | Pan      | Acquired the +0 pair of fencer's gloves {Riposte Dex+3}
215151 | Pan      | Found the +0 pair of fencer's gloves {Riposte Dex+3}
215775 | Pan      | Found an exit through the horrors of the Abyss.
216097 | Pan      | Noticed Vuege the pandemonium lord
216558 | Pan      | Killed Vuege the pandemonium lord
216565 | Pan      | Got a twitching garnet amulet
216828 | Pan      | Identified the amulet of Adiuk {Faith Str+4 Int+5 Dex+4}
                  | (You found it in Pandemonium)
217174 | Pan      | Got a spiked chain mail
217175 | Pan      | Identified the +0 chain mail of Ojef {Will+ MP+9} (You
                  | found it in Pandemonium)
217691 | Pan      | Found an exit through the horrors of the Abyss.
218245 | Pan      | Noticed Semadudih the pandemonium lord
218270 | Pan      | Killed Semadudih the pandemonium lord
218962 | Pan      | Noticed Xuamunex the pandemonium lord
218986 | Pan      | Killed Xuamunex the pandemonium lord
219980 | Pan      | Found an exit through the horrors of the Abyss.
220929 | Pan      | Entered the realm of Cerebov.
221152 | Pan      | Identified Vorph's Volume of Earthen Dislocation
221317 | Pan      | Found an exit through the horrors of the Abyss.
221654 | Pan      | Identified the +7 hand axe of Butchery {flame, Str+8 SInv}
221654 | Pan      | Identified the cursed +1 robe of Rasol {rPois Int+2 Stlth+}
222416 | Pan      | Identified Sif Muna's Incunabulum of Air
222440 | Pan      | Found the +6 sword of Cerebov {flame}
222440 | Pan      | Noticed Cerebov
222486 | Pan      | Killed Cerebov
222746 | Pan      | Got a fiery rune of Zot
222766 | Pan      | Got a steaming long sword
222767 | Pan      | Identified the +1 long sword "Xyuh Zaidaa" {drain, Stlth+}
                  | (You found it in Pandemonium)
222962 | Pan      | Took an exit into the Abyss.
222962 | Abyss:1  | Escaped into the Abyss
223730 | Depths:3 | Escaped the Abyss
223746 | Pan      | Entered the realm of Lom Lobon.
223746 | Pan      | Entered Pandemonium
224807 | Pan      | Noticed Lom Lobon
224840 | Pan      | Killed Lom Lobon
225029 | Pan      | Got a magical rune of Zot
225232 | Pan      | Noticed Deokoah the pandemonium lord
225844 | Pan      | Paralysed by accursed screaming for 1 turns
225853 | Pan      | Killed Deokoah the pandemonium lord
227710 | Pan      | Entered the realm of Mnoleg.
228400 | Pan      | Found an exit through the horrors of the Abyss.
228613 | Pan      | Got a scorched iron ring
228881 | Pan      | Reached skill level 27 in Stealth
229005 | Pan      | Noticed Mnoleg
229331 | Pan      | Killed Mnoleg
229358 | Pan      | Got a glowing rune of Zot
229419 | Pan      | Took an exit into the Abyss.
229419 | Abyss:1  | Escaped into the Abyss
229431 | Depths:3 | Escaped the Abyss
229700 | Zot:5    | Killed an orb of fire
229719 | Zot:5    | Killed an orb of fire
229731 | Zot:5    | Killed an ancient lich
229791 | Zot:5    | Killed an orb of fire
229918 | Zot:5    | Noticed an orb of fire
229939 | Zot:5    | Killed an orb of fire
230116 | Zot:5    | Killed an ancient lich
230529 | Zot:5    | Got the Orb of Zot
230633 | Zot:4    | Noticed Boris
230643 | Zot:4    | Killed Boris
230718 | Zot:1    | Noticed Kibih the pandemonium lord
230732 | Zot:1    | Killed Kibih the pandemonium lord
230862 | Depths:1 | Noticed Jiumateo the pandemonium lord
230870 | Depths:1 | Killed Jiumateo the pandemonium lord
230890 | Depths:1 | Noticed Todecokk the pandemonium lord
230904 | Depths:1 | Killed Todecokk the pandemonium lord
231089 | Depths:1 | Noticed Boris
231095 | Depths:1 | Killed Boris
231568 | D:7      | Noticed Boris
231571 | D:7      | Killed Boris
231773 | D:$      | Escaped with the Orb!

Illustrated notes

Levels and vault maps discovered:
D:1:      dpeg_arrival_radiant, layout_basic, minmay_three_crescents
D:2:      layout_basic, uniq_terence
D:3:      layout_basic
D:4:      layout_basic, kennysheep_mini_moat, serial_shops, shop,
          uniq_crazy_yiuf_cottage
D:5:      layout_basic, grunt_gozag_statues, minmay_temple_entry_glass,
          uniq_duvessa, uniq_ijyb
D:6:      layout_gridville
D:7:      layout_loops_ring, lemuel_doored_altar
D:8:      layout_cave_pools, lemuel_round_altar, serial_shops,
          nicolae_shop_trees, shop_fountains, shop_fountains, shop
D:9:      layout_cross, grunt_temple_overflow_order_and_chaos_2, serial_shops,
          shop, minivault_25_ag, introduction_to_nature_1
D:10:     layout_small_grid, uniq_erolcha
D:11:     minmay_the_grid_triangle_9x9_recursive_2_mashed
          [minmay_the_grid_triangle_9x9_prize_center,
          minmay_the_grid_triangle_9x9_alien,
          minmay_the_grid_triangle_9x9_stretched_checkered,
          minmay_the_grid_triangle_9x9_sprig], layout_cave_pools,
          david_lair_shrubbed, lightli_bailey_entry_fortress, uniq_harold
D:12:     layout_basic, uniq_sonja
D:13:     layout_cave_pods, hangedman_vaults_entry_quadrant_bands,
          trove_entry_hex_spiral, serial_shops, shop
D:14:     layout_rooms
D:15:     grunt_enter_depths_magical_seal, layout_basic
Lair:1:   layout_chaotic_city, nicolae_quartered_pool_medium
Lair:2:   layout_misc_corridors, spider_nest_entry_a, ebering_ghost_rock_garden,
          portal_ice_cave_entry_pillars_1
Lair:3:   layout_loops_ring, ebering_ghost_xom, gauntlet_entry_generic,
          grunt_megastairs_2
Lair:4:   layout_cellular_growth, swamp_mist, serial_bayou_shore_a
Lair:5:   layout_small_grid, slime_dummy, grunt_megastairs_4
Lair:6:   minmay_lair_end_enchanted_forest, layout_cellular_growth,
          serial_forest, infiniplex_forest_end_1,
          infiniplex_forest_clump_diagonal, infiniplex_forest_end_3,
          infiniplex_forest_clump_cross, infiniplex_forest_clump_diagonal,
          infiniplex_forest_straight_5
Swamp:1:  layout_basic_swamp, nicolae_swamp_fairy_circle, grunt_hermit_hut,
          uniq_aizul
Swamp:2:  layout_basic_swamp, evilmike_swamp_ruin_rubble_1
Swamp:3:  layout_falls_marsh, evilmike_swamp_ruin_house_4, swamp_pool4,
          cheibrodos_swamp_minitomb, infiniplex_staircase_pool
Swamp:4:  swamp_icy, layout_basic_swamp, swamp_pool3, uniq_louise
Spider:1: layout_chambers, guppyfry_spider_mini_1, uniq_roxanne, uniq_nikola
Spider:2: layout_spider_delve, drop_trap, uniq_arachne
Spider:3: layout_spider_delve
Spider:4: johnstein_spider_rune_arachne_lair, lemuel_hornet_nest
Slime:1:  layout_caves, nicolae_slime_phagocytosis
Slime:2:  layout_caves
Slime:3:  nicolae_slime_pool, layout_caves
Slime:4:  layout_caves, cheibrodos_slime_lost_civilization_5
Slime:5
Orc:1:    layout_caves
Orc:2:    st_orc_rangers, layout_diamond_mine, uniq_donald
Elf:1:    minmay_elf_arrival_circle, layout_loops_ring,
          hangedman_elven_crosses_minicolossus,
          nicolae_elf_glass_and_crystal_pillar_2, nicolae_twisting_strands
Elf:2:    layout_geoelf_grid, dk_noncrumbling_2, minivault_25
Elf:3:    minmay_elf_hall, layout_geoelf_grid, basic_altar, hex_tiny,
          due_unseen_surprise
Vaults:1: nicolae_vaults_network_quinsquares
          [nicolae_vaults_network_quincunx_subvault,
          nicolae_vaults_network_quincunx_subvault,
          nicolae_vaults_network_quincunx_subvault,
          nicolae_vaults_network_quincunx_subvault],
          nicolae_vaults_network_square, hangedman_vaults_capsules,
          vaults_room_large_hall, hangedman_vaults_slice,
          nicolae_vaults_shelves_hall, hangedman_vaults_trim, vaults_room_boxed,
          grunt_vaults_hallway_short, nicolae_vaults_little_squares_1,
          ontoclasm_vaults_idyll, layout_vaults_omnicross, serial_shops,
          shop_fountains
Vaults:2: v_misc_12, nicolae_vaults_ninety_degrees,
          nicolae_vaults_little_squares_6, nicolae_vaults_triangles,
          vaults_room_fancy_cross, dpeg_vaults_monster_box,
          ontoclasm_vaults_loading_screen, layout_vaults_quadrants,
          serial_shops, bzr_entry_lakeside, uniq_mennas, uniq_saint_roka
Vaults:3: dpeg_vaults_monster_row, vaults_room_pools, hangedman_vaults_slice,
          vaults_mumra_hex, v_misc_23, grunt_vaults_diagonal,
          vaults_room_semicircle, v_alt_pattern_1, vaults_dpeg_ring,
          nicolae_vaults_alarming, v_pattern_2, minmay_crypt_entry_necro_gods,
          nicolae_vaults_gold_heap, vaults_room_stairs_pillars,
          layout_vaults_omnibox, uniq_margery, uniq_bai_suzhen
Vaults:4: ebering_vaults_ghost_reflecting_pool, vaults_room_grid,
          hangedman_vaults_corner_blocks, v_misc_17, hangedman_vaults_impose,
          vaults_dpeg_encased_lava, ontoclasm_vaults_chip,
          ontoclasm_vaults_hangar, v_rooms_1, ontoclasm_vaults_eye,
          layout_vaults_big_room, uniq_xtahua
Vaults:5: serial_shops
Crypt:1:  layout_misc_corridors, st_stairs_10, grunt_crypt_arrival_guarded_gate,
          grunt_megastairs_5
Crypt:2:  layout_misc_corridors, grunt_ministairs_11,
          nicolae_crypt_cryptocurrency, uniq_jory
Crypt:3:  evilmike_haunted_forest
Tomb:1:   uniq_mara
Tomb:2
Tomb:3
Depths:1: layout_gridlike, hell_entry, water_maze_lemuel,
          roderic_lattice_octagonal_star, minmay_shop_star
Depths:2: evilmike_diamond_2, layout_twisted_cross, pf_hell_entry_tar_river,
          lemuel_statue_altar, infiniplex_staircase_pool_2, serial_bayou_shore_b
Depths:3: gold_lair_mu, layout_honeycomb, enter_ziggurat_a, hell_entry,
          minivault_11, rand_demon_pan_entry_3, uniq_boris
Depths:4: minmay_inside_and_out, layout_gridlike, abyss_entry_small_statue_room,
          hell_entry, serial_bayou_pond_e, grunt_ministairs_9,
          nrook_loot_triangle, minmay_librarian, infiniplex_staircase_pool_lava
Depths:5: grunt_twist_and_shout, layout_long_grid, hell_entry,
          minmay_shop_grove, serial_bayou_shore_b
Hell
Dis:1:    layout_overlapping_boxes
Dis:2:    layout_chaotic_city
Dis:3:    layout_gridville
Dis:4:    layout_regular_city, hangedman_dis_decor_blocks_crown, lemuel_elevator
Dis:6:    layout_gridville
Dis:7:    dis_st
Geh:1:    layout_gehenna_lava_caves
Geh:2:    layout_gehenna_lava_caves
Geh:3:    layout_gehenna_lava_caves
Geh:4:    layout_gehenna_lava_caves
Geh:5:    layout_gehenna_lava_caves, hangedman_mysterious_dungeon_monster_house
Geh:6:    layout_gehenna_pools_box
Geh:7:    geh_hangedman
Coc:1:    layout_cocytus_water_paths
Coc:2:    layout_ice_bergs
Coc:3:    layout_cocytus_delve
Coc:4:    layout_ice_bergs
Coc:5:    layout_cocytus_water_paths
Coc:6:    layout_cocytus_water_paths
Coc:7:    coc_old
Tar:1:    layout_grid_maze, nicolae_tar_cuneiform_not, nicolae_tar_fractal_crypt
Tar:2:    layout_cathedral_of_symmetry, nicolae_tar_cuneiform_city
Tar:3:    layout_honeycomb, nicolae_tar_cuneiform_bread
Tar:4:    layout_grid_maze
Tar:5:    layout_cathedral_of_symmetry
Tar:6:    layout_grid_maze
Tar:7:    tar_grunt_cathedral
Zot:1:    layout_concentric_octagons, st_stairs_12, st_small_dragon_hoard_1
Zot:2:    layout_misc_corridors, st_large_dragon_hoard_1, grunt_megastairs_3
Zot:3:    layout_misc_corridors, st_stairs_1, drop_trap
Zot:4:    layout_twisted_circle, hangedman_player_shredder
Zot:5:    layout_basic

Skill      XL: |  1  2  3  4  5  6  7  8  9 10 11 12 13 14 15 16 17 18 19 20 21 22 23 24 25 26 27 |
---------------+----------------------------------------------------------------------------------+-----
Fighting       | 4 5 6 7 9 10 13 14 15 18 19 21 22 23 24 25 26 27 | 27.0
Maces & Flails | 4 5 6 7 9 10 13 14 15 16 | 16.0
Armour         | 3 4 5 6 7 9 10 11 12 14 15 16 18 19 20 21 27 | 27.0
Dodging        | 3 4 5 6 8 9 10 11 12 13 14 15 27 | 27.0
Shields        | 4 5 6 11 14 16 18 19 20 22 23 24 26 27 | 27.0
Throwing       | 1 2 5 6 9 13 15 27 | 27.0
Invocations    | 6 8 10 12 27 | 27.0
Translocations | 3 5 6 26 | 26.2
Spellcasting   | 2 4 6 27 | 27.0
Evocations     | 27 | 27.0
Earth Magic    | 21 | 21.0
Transmutations | 21 | 21.0
Summonings     | 18 | 18.0
Stealth        | 27 | 27.0

Action                   |  1- 3 |  4- 6 |  7- 9 | 10-12 | 13-15 | 16-18 | 19-21 | 22-24 | 25-27 || total
-------------------------+-------+-------+-------+-------+-------+-------+-------+-------+-------++-------
Melee: Mace              |    54 |    78 |       |       |       |       |       |       |       ||   132
       Headbutt          |    10 |    29 |   100 |    89 |   245 |   362 |   395 |   842 | 10904 || 12976
       Flail             |       |    39 |    28 |       |       |       |       |       |       ||    67
       Whip              |       |    73 |   386 |   223 |       |       |       |       |       ||   682
       Morningstar       |       |       |       |   170 |       |       |       |       |       ||   170
       Eveningstar       |       |       |       |    55 |  1139 |  1045 |  1154 |  2269 |  1427 ||  7089
       Demon whip        |       |       |       |       |    47 |   270 |       |       |       ||   317
       Sacred scourge    |       |       |       |       |       |       |       |       | 28953 || 28953
Throw: Dart              |       |       |     5 |     3 |     4 |       |     2 |     1 |    15 ||    30
       Boomerang         |       |       |       |    16 |     5 |     3 |    10 |     3 |    86 ||   123
       Javelin           |       |       |       |       |       |    41 |    19 |       |    71 ||   131
       Stone             |       |       |       |       |       |       |       |       |    27 ||    27
 Cast: Apportation       |       |       |       |       |       |       |       |       |   178 ||   178
       Shadow Creatures  |       |       |       |       |       |       |       |       |   219 ||   219
       Passage of Golubr |       |       |       |       |       |       |       |       |    61 ||    61
       Teleport Other    |       |       |       |       |       |       |       |       |    44 ||    44
       Lee's Rapid Decon |       |       |       |       |       |       |       |       |    38 ||    38
       Blink             |       |       |       |       |       |       |       |       |    27 ||    27
       Lesser Beckoning  |       |       |       |       |       |       |       |       |    14 ||    14
       Passwall          |       |       |       |       |       |       |       |       |     6 ||     6
Invok: Berserk           |     2 |     2 |     5 |     5 |     9 |     2 |     1 |       |       ||    26
       Trog's Hand       |       |       |     2 |     5 |    11 |     4 |    14 |       |       ||    36
       Donate Gold       |       |       |       |       |       |       |     2 |       |       ||     2
       Vitalisation      |       |       |       |       |       |       |       |     9 |   115 ||   124
       Recite            |       |       |       |       |       |       |       |     8 |   352 ||   360
       Imprison          |       |       |       |       |       |       |       |       |     7 ||     7
       Sanctuary         |       |       |       |       |       |       |       |       |     2 ||     2
 Abil: Evoke Flight      |       |       |       |       |       |       |     2 |     1 |     3 ||     6
       Evoke Invisibilit |       |       |       |       |       |       |       |       |     1 ||     1
Evoke: Wand              |       |       |     9 |     2 |     3 |     4 |     3 |       |    68 ||    89
       Tin of tremorston |       |       |       |       |       |       |       |       |    51 ||    51
       Lightning rod     |       |       |       |       |       |       |       |       |    13 ||    13
       Phial of floods   |       |       |       |       |       |       |       |       |     4 ||     4
       Phantom mirror    |       |       |       |       |       |       |       |       |     1 ||     1
  Use: Scroll            |       |       |       |    15 |    11 |    25 |    11 |    20 |   165 ||   247
       Potion            |       |       |       |     1 |     2 |     4 |       |     5 |    70 ||    82
 Stab: Paralysed         |       |       |     4 |     7 |       |     2 |       |       |    72 ||    85
       Petrified         |       |       |       |       |     1 |       |       |       |       ||     1
       Confused          |       |       |       |       |       |       |     3 |     2 |   197 ||   202
       Distracted        |       |       |       |       |       |       |       |     3 |    36 ||    39
       Invisible         |       |       |       |       |       |       |       |     1 |    15 ||    16
       Petrifying        |       |       |       |       |       |       |       |       |     1 ||     1
Armor: Animal skin       |     2 |       |       |       |       |       |       |       |       ||     2
       Scale mail        |    12 |       |       |       |       |       |       |       |       ||    12
       Ring mail         |     6 |       |       |       |       |       |       |       |       ||     6
       Plate armour      |     5 |       |       |       |       |       |       |       |       ||     5
       Chain mail        |     7 |   121 |   184 |   218 |   226 |       |       |       |       ||   756
       Acid dragon scale |       |       |       |       |   189 |       |       |       |       ||   189
       Quicksilver drago |       |       |       |       |    14 |   356 |       |       |       ||   370
       Gold dragon scale |       |       |       |       |       |     5 |   296 |   703 |  3287 ||  4291
Dodge: Dodged            |    55 |    84 |   229 |   295 |   635 |   435 |   249 |   938 |  6457 ||  9377
Block: Buckler           |       |       |       |    58 |   143 |       |       |       |       ||   201
       Kite shield       |       |       |       |       |   220 |       |       |       |       ||   220
       Tower shield      |       |       |       |       |    76 |  1257 |  1124 |  2786 | 24775 || 30018
